Workbook
Name Abandonment_camp_hire: Rates!$C$103
Name Abandonment_camp_hire_rate: Rates!$D$103
Name Abandonment_rig_and_crew_hire: Rates!$C$104
Name Abandonment_rig_and_crew_hire_rate: Rates!$D$104
Name Aboveground: Lists!$B$114
Name Accounting_Administration_Clerical_Office_Services: Rates!$C$16
Name Accounting_Administration_Clerical_Office_Services_rates: Rates!$D$16
Name Activated_carbon_buy_dispose: Rates!$C$119
Name Activated_carbon_buy_dispose_rate: Rates!$D$119
Name Air_Compressor_tools: Rates!$C$80
Name Air_Compressor_tools_rate: Rates!$D$80
Name Ameliorants_app_rate: Assumptions!$C$44:$C$48
Name Ameliorants_names: Assumptions!$B$44:$B$48
Name Ameliorants_soil_names_As: Assumptions!$B$44:$B$48
Name Arid: Lists!$B$63
Name Asphalt_density: Assumptions!$C$87
Name Asphalt_thickness: Assumptions!$C$80
Name Associate_Engineer_Geologist_Scientist: Rates!$C$9
Name Associate_Engineer_Geologist_Scientist_rate: Rates!$D$9
Name Assumptions: Assumptions!$B$4
Name Auditor_Director: Rates!$C$14
Name Auditor_Director_rate: Rates!$D$14
Name Backhoe_420F: Rates!$C$66
Name Backhoe_420F_rate: Rates!$D$66
Name Backhoe_428F_4WD: Rates!$C$67
Name Backhoe_428F_4WD_rate: Rates!$D$67
Name Backhoe_attachments: Rates!$C$68
Name Backhoe_attachments_rate: Rates!$D$68
Name Barrier_plug_volume: Assumptions!$C$112
Name Borrow_Pit: Lists!$B$60
Name Buried: Lists!$B$115
Name Cementing_plant_and_crew: Rates!$C$106
Name Cementing_plant_and_crew_rate: Rates!$D$106
Name Concrete_break_rate: Productivity!$C$45
Name Concrete_cost: Rates!$C$85
Name Concrete_cost_per_m3: Rates!$D$85
Name Concrete_crush_30mm: Productivity!$C$19
Name Concrete_crush_50mm: Productivity!$C$18
Name Concrete_crush_75mm: Productivity!$C$17
Name Concrete_crushing_plant: Rates!$C$69
Name Concrete_crushing_plant_rate: Rates!$D$69
Name Concrete_cutter_portable: Rates!$C$82
Name Concrete_cutter_portable_rate: Rates!$D$82
Name Concrete_density: Assumptions!$C$75
Name Concrete_disposal_distance: Assumptions!$C$58
Name Concrete_footing_Module: Assumptions!$C$79
Name Concrete_Pump: Rates!$C$84
Name Concrete_Pump_rate: Rates!$D$84
Name Concrete_slab_thickness_buildings: Assumptions!$C$77
Name Concrete_slab_thickness_heavy: Assumptions!$C$76
Name Concrete_surface_cover_Parking: Assumptions!$C$78
Name Concrete_truck_packing_factor: Assumptions!$C$82
Name Construction_labour: Rates!$C$23
Name Construction_labour_rate: Rates!$D$23
Name Contingency_percentage: Assumptions!$C$72
Name Conventional_gas: Lists!$B$141
Name Conventional_oil: Lists!$B$142
Name Cost_Schedule: 'Cost Schedule'!$B$4
Name Crane_120t: Rates!$C$27
Name Crane_120t_rate: Rates!$D$27

Sheet Information
B3: INFORMATION
B7: Project: | D7: South Australia Oil and Gas Financial Assurance Calculator
B9: Company:
B11: Sitename / Entry name: | D11: Enter project name in Information tab
B13: Sites
B19: Estimated cost: | D19: =Input!I130 -> 0
B21: General User Notes:
B28: Purpose and Scope: | D28: This calculator estimates the cost to decommission and rehabilitate oil and gas activities in South Australia, including input sheets for wells, pipelines, facilities, water storage, infrastructure and exploration. The calculator uses a first-principle, bottom calculation method with costs and scopes informed by industry and the calculator developer's experience. The calculator was commissioned by the South Australian Department for Energy and Mining (DEM). The developers and DEM hold no liability for the accuracy of the costs estimates and the Calculator does not purport to contain all the information required to estimate the decommissioning liability.
B30: Terms and Conditions: | D30: By using this calculator, the User agrees to the following Terms and Conditions: 1. The rehabilitation liability estimate calculator (the calculator) may only be used subject to, and for the purposes described in, these terms and conditions of use. In using the calculator, the licensee agrees to be bound by these terms and conditions of use. 2. The calculator is a general tool provided by the Department for Energy and Mining (the department) to assist licensees in estimating rehabilitation liabilities associated with the decommissioning and rehabilitation of energy resource projects. 3. Rehabilitation liability estimates are used in the determination of financial security required pursuant to the Energy Resources Act 2000. 4. The calculator is indicative only and does not constitute a final or binding determination by the department. 5. Licensees must ensure they use the most up to date version of the calculator by checking the departmental website. The department may revise the rates and/or formulae used in the calculator at any time without notice but is not under any obligation to do so. 6. The licensee should rely on their own independent investigations, assessments, review and analysis in using the calculator. 7. The output of the calculator will depend upon the accuracy of the information entered by the user concerning the relevant approved license and current and future conditions. 8. Submission of a rehabilitation liability estimate generated using the calculator does not guarantee acceptance by the department. 9. The department reserves the right to review, verify and amend any estimate, including the inputs provided by the licensee, and/or the resulting calculations generated by the calculator. 10. The third-party rates included in the calculator must not be altered. 11. Licensees may provide alternative unit rates where appropriate, provided sufficient supporting documentation is submitted for the department’s consideration. The department may at its sole discretion, accept or reject any alternative rates. 12. To the maximum extent permitted by law, the department makes no representations or warranties, express or implied, regarding the calculator, including its accuracy, reliability, completeness, performance or fitness for any particular purpose. 13. To the maximum extent permitted by law, the department excludes all liability (whether in negligence or otherwise) for any loss, damage, cost or expense (including direct, indirect, or consequential loss, loss of revenue, profit, contracts or opportunity, and legal costs) incurred by the licensee arising from or in connection with: o Use of, or inability to use the calculator; o reliance on the calculator or is outputs; o errors or omissions in the calculator or its underlying data; or o any virus, malicious code or system interference arising from the use of the calculator. 14. The department does not warrant that the calculator will be free from viruses or compatible with the licensee’s systems. Licensees are responsible for implementing appropriate safeguards to protect their systems and data.
B32: Navigation: | C32: User Guide | D32: How to use the tool.
C33: Input | D33: User input sheet and summary of costs.
C34: Cost Schedule | D34: Summary of costs for activities.
C35: Rates | D35: List of base rates for equipment, labour, materials.
C36: Productivity | D36: Assumptions for earthmoving movement rates, storage capacities, travel speeds.
C37: Assumptions | D37: General assumptions for material properties (e.g. density), working day hours, specific weights.
B39: Revision History: | C39: 46212 | D39: First complete draft to SA DEM.
C40: 46264 | D40: Revised after addressing DEM queries and simplifying sheets.
C41: 46265 | D41: Minor modifications including removal of Summary hyperlink in this sheet.
C42: 46280 | D42: Changes to Terms and Conditions and add filter to input sheet.

Sheet User Guide
B7: =Project_Name -> South Australia Oil and Gas Financial Assurance Calculator
B8: Return to Information
B10: USER GUIDE
B12: Tool Overview
B36: How to Use: Sequence of Steps
B38: # | C38: Step instruction | M38: Hyperlink
B39: 1 | C39: Review the Terms and Conditions in this sheet. | M39: Information
B40: =B39+1 -> 2 | C40: Ensure you understand the purpose, scope and limitations of the calculator. | M40: Information
B41: =B40+1 -> 3 | C41: Enter company name and project site(s) and any general notes. | M41: Information
B42: =B41+1 -> 4 | C42: Go to the input sheet. | M42: Input
B43: 5 | C43: The main entry sheet is the Input Sheet and the key attributes are shown below. Enter the quantities to the top left hand side of the sheet, as shown below.
B48: =B43+1 -> 6 | C48: The downwell entries have an associated drop-down selection as shown below. The calculator populates the appropriate rate based on the user selection.
B51: =B48+1 -> 7 | C51: All the unit rates for activities (e.g. seismic rehabilitation) are listed with the guidance on use and the scope assumptions in the Cost Schedule tab.
B53: =B51+1 -> 8 | C53: If you wish to enter a user cost rate to over-ride the default calculator rate, enter your rate in the User Rate column in the Input sheet. As can be seen below, the calculator will take the user entered value.
C54: To assist the Department, add a note justifying the User rate.
B56: =B53+1 -> 9 | C56: Enter any notes to the right hand column as shown.
B57: =B56+1 -> 10 | C57: The Rates sheet lists all the underlying unit rates; the Productivity sheet shows the activity rates, speeds and application rates; and the Assumptions sheet shows general assumptions used to build the cost shown in the Cost Schedule.
B59: Rates Sheet
B81: General Information
B82: =B57+1 -> 11 | C82: Quantities are never expected to be entered twice. Where there are more than one table for an activity, for example buildings by area and buildings by number, the User enters quantities for a specific building to one table only. The intent of the two tables is to provide flexibility. For example if a User
C83: has limited building information, they may chose to enter the by number table. Users can enter to both tables but must not enter the same building to both tables.
B84: =B82+1 -> 12 | C84: The sheets have hyperlinks to allow quick navigation between sheets.

Sheet Input
B2: =Project_Name -> South Australia Oil and Gas Financial Assurance Calculator
B4: Return to Information | C4: =Site_name -> Enter project name in Information tab
B6: INPUT
B8: Item | C8: Value | D8: Unit | E8: Rate | F8: User rate | G8: Rate Selected | H8: Rate Unit | I8: Cost | J8: Notes
B9: 1. Exploration | I9: =SUBTOTAL(9,I10:I17) -> 0
B10: ='Cost Schedule'!B7 -> Seismic 2D | D10: ='Cost Schedule'!D7 -> km | E10: ='Cost Schedule'!C7 -> 1500 | G10: =IF(F10="",E10,F10) -> 1500 | H10: =D10 -> km | I10: =C10*G10 -> 0
B11: ='Cost Schedule'!B8 -> Seismic 3D | D11: ='Cost Schedule'!D8 -> ha | E11: ='Cost Schedule'!C8 -> 4200 | G11: =IF(F11="",E11,F11) -> 4200 | H11: =D11 -> ha | I11: =C11*G11 -> 0
B12: ='Cost Schedule'!B9 -> Track 3 m wide | D12: ='Cost Schedule'!D9 -> km | E12: ='Cost Schedule'!C9 -> 800 | G12: =IF(F12="",E12,F12) -> 800 | H12: =D12 -> km | I12: =C12*G12 -> 0
B13: ='Cost Schedule'!B10 -> Track 6 m wide | D13: ='Cost Schedule'!D10 -> km | E13: ='Cost Schedule'!C10 -> 1500 | G13: =IF(F13="",E13,F13) -> 1500 | H13: =D13 -> km | I13: =C13*G13 -> 0
B14: ='Cost Schedule'!B11 -> Drilling Mud-Sump | D14: ='Cost Schedule'!D11 -> sump | E14: ='Cost Schedule'!C11 -> 2900 | G14: =IF(F14="",E14,F14) -> 2900 | H14: =D14 -> sump | I14: =C14*G14 -> 0
B15: ='Cost Schedule'!B12 -> Exploration dam | D15: ='Cost Schedule'!D12 -> dam | E15: ='Cost Schedule'!C12 -> 14000 | G15: =IF(F15="",E15,F15) -> 14000 | H15: =D15 -> dam | I15: =C15*G15 -> 0
B16: ='Cost Schedule'!B13 -> Land used for exploration activities | D16: ='Cost Schedule'!D13 -> ha | E16: ='Cost Schedule'!C13 -> 2700 | G16: =IF(F16="",E16,F16) -> 2700 | H16: =D16 -> ha | I16: =C16*G16 -> 0
B17: ='Cost Schedule'!B14 -> Exploration bore | D17: ='Cost Schedule'!D14 -> hole | E17: ='Cost Schedule'!C14 -> 900 | G17: =IF(F17="",E17,F17) -> 900 | H17: =D17 -> hole | I17: =C17*G17 -> 0
B18: 2. Infrastructure | I18: =SUBTOTAL(9,I19:I39) -> 0
B19: ='Cost Schedule'!B24 -> Track 3 m wide | D19: ='Cost Schedule'!D24 -> km | E19: ='Cost Schedule'!C24 -> 800 | G19: =IF(F19="",E19,F19) -> 800 | H19: =D19 -> km | I19: =G19*C19 -> 0
B20: ='Cost Schedule'!B25 -> Track 6 m wide | D20: ='Cost Schedule'!D25 -> km | E20: ='Cost Schedule'!C25 -> 1500 | G20: =IF(F20="",E20,F20) -> 1500 | H20: =D20 -> km | I20: =G20*C20 -> 0
B21: ='Cost Schedule'!B26 -> Laydown | D21: ='Cost Schedule'!D26 -> ha | E21: ='Cost Schedule'!C26 -> 6100 | G21: =IF(F21="",E21,F21) -> 6100 | H21: =D21 -> ha | I21: =G21*C21 -> 0
B22: ='Cost Schedule'!B27 -> Borrow Pit | D22: ='Cost Schedule'!D27 -> ha | E22: ='Cost Schedule'!C27 -> 5200 | G22: =IF(F22="",E22,F22) -> 5200 | H22: =D22 -> ha | I22: =G22*C22 -> 0
B23: ='Cost Schedule'!B28 -> Mobile camp | D23: ='Cost Schedule'!D28 -> m2 | E23: ='Cost Schedule'!C28 -> 39.145025 | G23: =IF(F23="",E23,F23) -> 39.145025 | H23: =D23 -> m2 | I23: =G23*C23 -> 0
B24: ='Cost Schedule'!B29 -> Permanent camp | D24: ='Cost Schedule'!D29 -> m2 | E24: ='Cost Schedule'!C29 -> 51.525966 | G24: =IF(F24="",E24,F24) -> 51.525966 | H24: =D24 -> m2 | I24: =G24*C24 -> 0
B25: ='Cost Schedule'!B30 -> Buildings - steel | D25: ='Cost Schedule'!D30 -> m2 | E25: ='Cost Schedule'!C30 -> 90 | G25: =IF(F25="",E25,F25) -> 90 | H25: =D25 -> m2 | I25: =G25*C25 -> 0
B26: ='Cost Schedule'!B31 -> Buildings - brick | D26: ='Cost Schedule'!D31 -> m2 | E26: ='Cost Schedule'!C31 -> 120 | G26: =IF(F26="",E26,F26) -> 120 | H26: =D26 -> m2 | I26: =G26*C26 -> 0
B27: ='Cost Schedule'!B32 -> Communications tower | D27: ='Cost Schedule'!D32 -> structure | E27: ='Cost Schedule'!C32 -> 22000 | G27: =IF(F27="",E27,F27) -> 22000 | H27: =D27 -> structure | I27: =G27*C27 -> 0
B28: ='Cost Schedule'!B33 -> Utilities | D28: ='Cost Schedule'!D33 -> site | E28: ='Cost Schedule'!C33 -> 37000 | G28: =IF(F28="",E28,F28) -> 37000 | H28: =D28 -> site | I28: =G28*C28 -> 0
B29: ='Cost Schedule'!B34 -> Substations | D29: ='Cost Schedule'!D34 -> m2 | E29: ='Cost Schedule'!C34 -> 60 | G29: =IF(F29="",E29,F29) -> 60 | H29: =D29 -> m2 | I29: =G29*C29 -> 0
B30: ='Cost Schedule'!B35 -> Power generation | D30: ='Cost Schedule'!D35 -> MW | E30: ='Cost Schedule'!C35 -> 200 | G30: =IF(F30="",E30,F30) -> 200 | H30: =D30 -> MW | I30: =G30*C30 -> 0
... B39: ='Cost Schedule'!B44 -> Reinjection bore | D39: ='Cost Schedule'!D44 -> bore | E39: ='Cost Schedule'!C44 -> 7000 | G39: =IF(F39="",E39,F39) -> 7000 | H39: =D39 -> bore | I39: =G39*C39 -> 0
B40: 3. Wells - Surface Rehabilitation | I40: =SUBTOTAL(9,I41:I46) -> 0
B41: ='Cost Schedule'!B91 -> Coreholes | D41: ='Cost Schedule'!D91 -> hole | E41: ='Cost Schedule'!C91 -> 170 | G41: =IF(F41="",E41,F41) -> 170 | H41: =D41 -> hole | I41: =G41*C41 -> 0
B42: ='Cost Schedule'!B92 -> Plugged and abandoned oil or gas well | D42: ='Cost Schedule'!D92 -> hole | E42: ='Cost Schedule'!C92 -> 800 | G42: =IF(F42="",E42,F42) -> 800 | H42: =D42 -> hole | I42: =G42*C42 -> 0
B43: ='Cost Schedule'!B93 -> Conventional oil well with no or limited equipment | D43: ='Cost Schedule'!D93 -> m2 | E43: ='Cost Schedule'!C93 -> 0.76171022 | G43: =IF(F43="",E43,F43) -> 0.76171022 | H43: =D43 -> m2 | I43: =G43*C43 -> 0
B44: ='Cost Schedule'!B94 -> Conventional oil well with equipment | D44: ='Cost Schedule'!D94 -> m2 | E44: ='Cost Schedule'!C94 -> 2.4905949 | G44: =IF(F44="",E44,F44) -> 2.4905949 | H44: =D44 -> m2 | I44: =G44*C44 -> 0
B45: ='Cost Schedule'!B95 -> Conventional gas well with no or limited equipment | D45: ='Cost Schedule'!D95 -> m2 | E45: ='Cost Schedule'!C95 -> 1.0888722 | G45: =IF(F45="",E45,F45) -> 1.0888722 | H45: =D45 -> m2 | I45: =G45*C45 -> 0
B46: ='Cost Schedule'!B96 -> Conventional gas well with equipment | D46: ='Cost Schedule'!D96 -> m2 | E46: ='Cost Schedule'!C96 -> 1.3872805 | G46: =IF(F46="",E46,F46) -> 1.3872805 | H46: =D46 -> m2 | I46: =G46*C46 -> 0
B47: 4. Wells - Downwell | I47: =SUBTOTAL(9,I48:I62) -> 0
B48: ='Cost Schedule'!B99 -> Abandonment plan | D48: ='Cost Schedule'!D99 -> campaign | E48: ='Cost Schedule'!C99 -> 44000 | G48: =IF(F48="",E48,F48) -> 44000 | H48: =D48 -> campaign | I48: =G48*C48 -> 0
B49: ='Cost Schedule'!B100 -> Abandonment Drilling Rig Mobe / Demobe >=0 to <150 km one way | D49: ='Cost Schedule'!D100 -> campaign | E49: ='Cost Schedule'!C100 -> 29000 | G49: =IF(F49="",E49,F49) -> 29000 | H49: =D49 -> campaign | I49: =G49*C49 -> 0
B50: ='Cost Schedule'!B101 -> Abandonment Drilling Rig Mobe / Demobe >=150 to <500 km one way | D50: ='Cost Schedule'!D101 -> campaign | E50: ='Cost Schedule'!C101 -> 66000 | G50: =IF(F50="",E50,F50) -> 66000 | H50: =D50 -> campaign | I50: =G50*C50 -> 0
B51: ='Cost Schedule'!B102 -> Abandonment Drilling Rig Mobe / Demobe >=500 to <1000 km one way | D51: ='Cost Schedule'!D102 -> campaign | E51: ='Cost Schedule'!C102 -> 124000 | G51: =IF(F51="",E51,F51) -> 124000 | H51: =D51 -> campaign | I51: =G51*C51 -> 0
B52: ='Cost Schedule'!B103 -> Abandonment Drilling Rig Mobe / Demobe > 1000 km one way | D52: ='Cost Schedule'!D103 -> campaign | E52: ='Cost Schedule'!C103 -> 160000 | G52: =IF(F52="",E52,F52) -> 160000 | H52: =D52 -> campaign | I52: =G52*C52 -> 0
B53: Vertical well > 500m to <= 1000m depth, 1 strings / completion, 1 barriers. | D53: well | E53: =_xlfn.XLOOKUP(B53,'Cost Schedule'!$B$104:$B$187,'Cost Schedule'!$C$104:$C$187) -> 205000 | G53: =IF(F53="",E53,F53) -> 205000 | H53: =D53 -> well | I53: =G53*C53 -> 0
B54: Vertical well > 500m to <= 1000m depth, 1 strings / completion, 1 barriers. | D54: well | E54: =_xlfn.XLOOKUP(B54,'Cost Schedule'!$B$104:$B$187,'Cost Schedule'!$C$104:$C$187) -> 205000 | G54: =IF(F54="",E54,F54) -> 205000 | H54: =D54 -> well | I54: =G54*C54 -> 0
B55: Vertical well > 500m to <= 1000m depth, 1 strings / completion, 1 barriers. | D55: well | E55: =_xlfn.XLOOKUP(B55,'Cost Schedule'!$B$104:$B$187,'Cost Schedule'!$C$104:$C$187) -> 205000 | G55: =IF(F55="",E55,F55) -> 205000 | H55: =D55 -> well | I55: =G55*C55 -> 0
B56: Vertical well > 500m to <= 1000m depth, 1 strings / completion, 1 barriers. | D56: well | E56: =_xlfn.XLOOKUP(B56,'Cost Schedule'!$B$104:$B$187,'Cost Schedule'!$C$104:$C$187) -> 205000 | G56: =IF(F56="",E56,F56) -> 205000 | H56: =D56 -> well | I56: =G56*C56 -> 0
B57: Vertical well > 500m to <= 1000m depth, 1 strings / completion, 1 barriers. | D57: well | E57: =_xlfn.XLOOKUP(B57,'Cost Schedule'!$B$104:$B$187,'Cost Schedule'!$C$104:$C$187) -> 205000 | G57: =IF(F57="",E57,F57) -> 205000 | H57: =D57 -> well | I57: =G57*C57 -> 0
B58: Vertical well > 500m to <= 1000m depth, 1 strings / completion, 1 barriers. | D58: well | E58: =_xlfn.XLOOKUP(B58,'Cost Schedule'!$B$104:$B$187,'Cost Schedule'!$C$104:$C$187) -> 205000 | G58: =IF(F58="",E58,F58) -> 205000 | H58: =D58 -> well | I58: =G58*C58 -> 0
B59: Vertical well > 500m to <= 1000m depth, 1 strings / completion, 1 barriers. | D59: well | E59: =_xlfn.XLOOKUP(B59,'Cost Schedule'!$B$104:$B$187,'Cost Schedule'!$C$104:$C$187) -> 205000 | G59: =IF(F59="",E59,F59) -> 205000 | H59: =D59 -> well | I59: =G59*C59 -> 0
B60: Vertical well > 500m to <= 1000m depth, 1 strings / completion, 1 barriers. | D60: well | E60: =_xlfn.XLOOKUP(B60,'Cost Schedule'!$B$104:$B$187,'Cost Schedule'!$C$104:$C$187) -> 205000 | G60: =IF(F60="",E60,F60) -> 205000 | H60: =D60 -> well | I60: =G60*C60 -> 0
B61: Vertical well > 500m to <= 1000m depth, 1 strings / completion, 1 barriers. | D61: well | E61: =_xlfn.XLOOKUP(B61,'Cost Schedule'!$B$104:$B$187,'Cost Schedule'!$C$104:$C$187) -> 205000 | G61: =IF(F61="",E61,F61) -> 205000 | H61: =D61 -> well | I61: =G61*C61 -> 0
B62: Horizontal well > 5000m to <= 6000m length, 1 strings / completion, 6 barriers. | D62: well | E62: =_xlfn.XLOOKUP(B62,'Cost Schedule'!$B$104:$B$187,'Cost Schedule'!$C$104:$C$187) -> 1353000 | G62: =IF(F62="",E62,F62) -> 1353000 | H62: =D62 -> well | I62: =G62*C62 -> 0
B63: 5. Pipelines | I63: =SUBTOTAL(9,I64:I80) -> 0
B64: ='Cost Schedule'!B72 -> Buried gas decommissioning - purging (< = 0.5 m diameter) | D64: km | E64: ='Cost Schedule'!C72 -> 270 | G64: =IF(F64="",E64,F64) -> 270 | H64: =D64 -> km | I64: =G64*C64 -> 0
B65: ='Cost Schedule'!B73 -> Buried gas pipeline decommissioning - purging (> 0.5 m diameter) | D65: km | E65: ='Cost Schedule'!C73 -> 610 | G65: =IF(F65="",E65,F65) -> 610 | H65: =D65 -> km | I65: =G65*C65 -> 0
B66: ='Cost Schedule'!B74 -> Buried oil decommissioning - purging (<= 100 mm diameter) | D66: km | E66: ='Cost Schedule'!C74 -> 4300 | G66: =IF(F66="",E66,F66) -> 4300 | H66: =D66 -> km | I66: =G66*C66 -> 0
B67: ='Cost Schedule'!B75 -> Buried oil decommissioning - purging (> 100 mm, <=250mm diameter) | D67: km | E67: ='Cost Schedule'!C75 -> 27000 | G67: =IF(F67="",E67,F67) -> 27000 | H67: =D67 -> km | I67: =G67*C67 -> 0
B68: ='Cost Schedule'!B76 -> Buried oil pipeline decommissioning - purging (> 250 mm diameter) | D68: km | E68: ='Cost Schedule'!C76 -> 67000 | G68: =IF(F68="",E68,F68) -> 67000 | H68: =D68 -> km | I68: =G68*C68 -> 0
B69: ='Cost Schedule'!B77 -> Removal of buried pipelines | D69: km | E69: ='Cost Schedule'!C77 -> 36000 | G69: =IF(F69="",E69,F69) -> 36000 | H69: =D69 -> km | I69: =G69*C69 -> 0
B70: ='Cost Schedule'!B78 -> Removal of above ground pipe (gas) | D70: km | E70: ='Cost Schedule'!C78 -> 14000 | G70: =IF(F70="",E70,F70) -> 14000 | H70: =D70 -> km | I70: =G70*C70 -> 0
B71: ='Cost Schedule'!B79 -> Removal of above ground pipe (oil) | D71: km | E71: ='Cost Schedule'!C79 -> 17631.909 | G71: =IF(F71="",E71,F71) -> 17631.909 | H71: =D71 -> km | I71: =G71*C71 -> 0
B72: ='Cost Schedule'!B80 -> Removal of above ground pipe (water) | D72: km | E72: ='Cost Schedule'!C80 -> 13394.165 | G72: =IF(F72="",E72,F72) -> 13394.165 | H72: =D72 -> km | I72: =G72*C72 -> 0
B73: ='Cost Schedule'!B81 -> Inspection only | D73: ='Cost Schedule'!D81 -> ha | E73: ='Cost Schedule'!C81 -> 600 | G73: =IF(F73="",E73,F73) -> 600 | H73: =D73 -> ha | I73: =G73*C73 -> 0
B74: ='Cost Schedule'!B82 -> Final rehabilitation | D74: ='Cost Schedule'!D82 -> ha | E74: ='Cost Schedule'!C82 -> 8700 | G74: =IF(F74="",E74,F74) -> 8700 | H74: =D74 -> ha | I74: =G74*C74 -> 0
B75: ='Cost Schedule'!B83 -> Full rehabilitation | D75: ='Cost Schedule'!D83 -> ha | E75: ='Cost Schedule'!C83 -> 10600 | G75: =IF(F75="",E75,F75) -> 10600 | H75: =D75 -> ha | I75: =G75*C75 -> 0
B76: ='Cost Schedule'!B84 -> Crossings | D76: ='Cost Schedule'!D84 -> crossing | E76: ='Cost Schedule'!C84 -> 16200 | G76: =IF(F76="",E76,F76) -> 16200 | H76: =D76 -> crossing | I76: =G76*C76 -> 0
B77: ='Cost Schedule'!B85 -> Drains and risers | D77: ='Cost Schedule'!D85 -> structure | E77: ='Cost Schedule'!C85 -> 1000 | G77: =IF(F77="",E77,F77) -> 1000 | H77: =D77 -> structure | I77: =G77*C77 -> 0
B78: ='Cost Schedule'!B86 -> Meter and valve stations | D78: ='Cost Schedule'!D86 -> station | E78: ='Cost Schedule'!C86 -> 40000 | G78: =IF(F78="",E78,F78) -> 40000 | H78: =D78 -> station | I78: =G78*C78 -> 0
B79: ='Cost Schedule'!B87 -> Pig launchers and receivers | D79: ='Cost Schedule'!D87 -> station | E79: ='Cost Schedule'!C87 -> 14000 | G79: =IF(F79="",E79,F79) -> 14000 | H79: =D79 -> station | I79: =G79*C79 -> 0
B80: ='Cost Schedule'!B88 -> Hub facility | D80: ='Cost Schedule'!D88 -> m2 | E80: ='Cost Schedule'!C88 -> 200 | G80: =IF(F80="",E80,F80) -> 200 | H80: =D80 -> m2 | I80: =G80*C80 -> 0
B81: 6. Facilities | I81: =SUBTOTAL(9,I82:I86) -> 0
B82: ='Cost Schedule'!B17 -> Standalone gas compressor | D82: ='Cost Schedule'!D17 -> compressor | E82: ='Cost Schedule'!C17 -> 12400 | G82: =IF(F82="",E82,F82) -> 12400 | H82: =D82 -> compressor | I82: =G82*C82 -> 0
B83: ='Cost Schedule'!B18 -> Gas processing facility | D83: ='Cost Schedule'!D18 -> TJ/day | E83: ='Cost Schedule'!C18 -> 25000 | G83: =IF(F83="",E83,F83) -> 25000 | H83: =D83 -> TJ/day | I83: =G83*C83 -> 0
B84: ='Cost Schedule'!B19 -> Oil storage facility | D84: ='Cost Schedule'!D19 -> kL | E84: ='Cost Schedule'!C19 -> 1000 | G84: =IF(F84="",E84,F84) -> 1000 | H84: =D84 -> kL | I84: =G84*C84 -> 0
B85: ='Cost Schedule'!B20 -> Water treatment plant | D85: ='Cost Schedule'!D20 -> ML/day | E85: ='Cost Schedule'!C20 -> 64000 | G85: =IF(F85="",E85,F85) -> 64000 | H85: =D85 -> ML/day | I85: =G85*C85 -> 0
B86: ='Cost Schedule'!B21 -> Water transfer station | D86: ='Cost Schedule'!D21 -> kL | E86: ='Cost Schedule'!C21 -> 20 | G86: =IF(F86="",E86,F86) -> 20 | H86: =D86 -> kL | I86: =G86*C86 -> 0
B87: 7. Land Rehabilitation and Contaminated Materials | I87: =SUBTOTAL(9,I88:I100) -> 0
B88: ='Cost Schedule'!B47 -> Maintenance of rehabilitated areas | D88: ='Cost Schedule'!D47 -> ha | E88: ='Cost Schedule'!C47 -> 530 | G88: =IF(F88="",E88,F88) -> 530 | H88: ='Cost Schedule'!D47 -> ha | I88: =G88*C88 -> 0 | J88: This table is for land not associated with other items.
B89: ='Cost Schedule'!B48 -> Rehabilitation repair | D89: ='Cost Schedule'!D48 -> ha | E89: ='Cost Schedule'!C48 -> 2100 | G89: =IF(F89="",E89,F89) -> 2100 | H89: ='Cost Schedule'!D48 -> ha | I89: =G89*C89 -> 0
B90: ='Cost Schedule'!B49 -> Pest / land management on buffer lands, non-disturbed, and rehabilitated areas | D90: ='Cost Schedule'!D49 -> ha | E90: ='Cost Schedule'!C49 -> 450 | G90: =IF(F90="",E90,F90) -> 450 | H90: ='Cost Schedule'!D49 -> ha | I90: =G90*C90 -> 0
B91: ='Cost Schedule'!B50 -> Growth media source, supply and place | D91: ='Cost Schedule'!D50 -> tonne | E91: ='Cost Schedule'!C50 -> 180 | G91: =IF(F91="",E91,F91) -> 180 | H91: ='Cost Schedule'!D50 -> tonne | I91: =G91*C91 -> 0
B92: ='Cost Schedule'!B51 -> Ameliorant source, supply and place | D92: ='Cost Schedule'!D51 -> ha | E92: ='Cost Schedule'!C51 -> 3200 | G92: =IF(F92="",E92,F92) -> 3200 | H92: ='Cost Schedule'!D51 -> ha | I92: =G92*C92 -> 0
B93: ='Cost Schedule'!B52 -> Revegetation | D93: ='Cost Schedule'!D52 -> ha | E93: ='Cost Schedule'!C52 -> 2000 | G93: =IF(F93="",E93,F93) -> 2000 | H93: ='Cost Schedule'!D52 -> ha | I93: =G93*C93 -> 0
B94: ='Cost Schedule'!B53 -> Preliminary site investigation | D94: ='Cost Schedule'!D53 -> investigation | E94: ='Cost Schedule'!C53 -> 10000 | G94: =IF(F94="",E94,F94) -> 10000 | H94: ='Cost Schedule'!D53 -> investigation | I94: =G94*C94 -> 0
B95: ='Cost Schedule'!B54 -> Intrusive land investigation | D95: ='Cost Schedule'!D54 -> investigation | E95: ='Cost Schedule'!C54 -> 37000 | G95: =IF(F95="",E95,F95) -> 37000 | H95: ='Cost Schedule'!D54 -> investigation | I95: =G95*C95 -> 0
B96: ='Cost Schedule'!B55 -> Soil bioremediation | D96: ='Cost Schedule'!D55 -> tonne | E96: ='Cost Schedule'!C55 -> 80 | G96: =IF(F96="",E96,F96) -> 80 | H96: ='Cost Schedule'!D55 -> tonne | I96: =G96*C96 -> 0
B97: ='Cost Schedule'!B56 -> Hydrocarbons and metals in soil | D97: ='Cost Schedule'!D56 -> tonne | E97: ='Cost Schedule'!C56 -> 420 | G97: =IF(F97="",E97,F97) -> 420 | H97: ='Cost Schedule'!D56 -> tonne | I97: =G97*C97 -> 0
B98: ='Cost Schedule'!B57 -> Asbestos in soil | D98: ='Cost Schedule'!D57 -> tonne | E98: ='Cost Schedule'!C57 -> 420 | G98: =IF(F98="",E98,F98) -> 420 | H98: ='Cost Schedule'!D57 -> tonne | I98: =G98*C98 -> 0
B99: ='Cost Schedule'!B58 -> Asbestos - from buildings | D99: ='Cost Schedule'!D58 -> m2 | E99: ='Cost Schedule'!C58 -> 100 | G99: =IF(F99="",E99,F99) -> 100 | H99: ='Cost Schedule'!D58 -> m2 | I99: =G99*C99 -> 0
B100: ='Cost Schedule'!B59 -> Asbestos - from pipe | D100: ='Cost Schedule'!D59 -> m | E100: ='Cost Schedule'!C59 -> 70 | G100: =IF(F100="",E100,F100) -> 70 | H100: ='Cost Schedule'!D59 -> m | I100: =G100*C100 -> 0
B101: 8. Mobilisation and Demobilisation | I101: =SUBTOTAL(9,I102:I109) -> 0
B102: ='Cost Schedule'!B62 -> Mobilisation & Demobilisation (Distance to site <= 150 km) Small fleet | D102: mobe | E102: ='Cost Schedule'!C62 -> 41000 | G102: =IF(F102="",E102,F102) -> 41000 | H102: =D102 -> mobe | I102: =G102*C102 -> 0
B103: ='Cost Schedule'!B63 -> Mobilisation & Demobilisation (Distance to site > 150 to <= 500 km) Small fleet | D103: mobe | E103: ='Cost Schedule'!C63 -> 200000 | G103: =IF(F103="",E103,F103) -> 200000 | H103: =D103 -> mobe | I103: =G103*C103 -> 0
B104: ='Cost Schedule'!B64 -> Mobilisation & Demobilisation (Distance to site > 500 km to <= 1000 km ) Small fleet | D104: mobe | E104: ='Cost Schedule'!C64 -> 750000 | G104: =IF(F104="",E104,F104) -> 750000 | H104: =D104 -> mobe | I104: =G104*C104 -> 0
B105: ='Cost Schedule'!B65 -> Mobilisation & Demobilisation (Distance to site > 1000 km) Small fleet | D105: mobe | E105: ='Cost Schedule'!C65 -> 1140000 | G105: =IF(F105="",E105,F105) -> 1140000 | H105: =D105 -> mobe | I105: =G105*C105 -> 0
B106: ='Cost Schedule'!B66 -> Mobilisation & Demobilisation (Distance to site <= 150 km) Large fleet | D106: mobe | E106: ='Cost Schedule'!C66 -> 95000 | G106: =IF(F106="",E106,F106) -> 95000 | H106: =D106 -> mobe | I106: =G106*C106 -> 0
B107: ='Cost Schedule'!B67 -> Mobilisation & Demobilisation (Distance to site > 150 to <= 500 km) Large fleet | D107: mobe | E107: ='Cost Schedule'!C67 -> 470000 | G107: =IF(F107="",E107,F107) -> 470000 | H107: =D107 -> mobe | I107: =G107*C107 -> 0
B108: ='Cost Schedule'!B68 -> Mobilisation & Demobilisation (Distance to site > 500 km to <= 1000 km ) Large fleet | D108: mobe | E108: ='Cost Schedule'!C68 -> 1780000 | G108: =IF(F108="",E108,F108) -> 1780000 | H108: =D108 -> mobe | I108: =G108*C108 -> 0
B109: ='Cost Schedule'!B69 -> Mobilisation & Demobilisation (Distance to site > 1000 km) Large fleet | D109: mobe | E109: ='Cost Schedule'!C69 -> 2710000 | G109: =IF(F109="",E109,F109) -> 2710000 | H109: =D109 -> mobe | I109: =G109*C109 -> 0
B110: 9. Additional and User Entered Activities | I110: =SUBTOTAL(9,I111:I121) -> 0
B111: Reporting and documentation - user to name activity | D111: item | F111: 1 | G111: =IF(F111="",E111,F111) -> 1 | H111: item | I111: =G111*C111 -> 0
B112: Reporting and documentation - user to name activity | D112: item | F112: 1 | G112: =IF(F112="",E112,F112) -> 1 | H112: item | I112: =G112*C112 -> 0
...

Sheet Cost Schedule
B2: =Project_Name -> South Australia Oil and Gas Financial Assurance Calculator
B3: Return to Information
B4: Cost Schedule | E4: Use | F4: Scope
B6: Exploration
B7: Seismic 2D | C7: 1500 | D7: km | E7: Enter the length of 2D seismic easement to be rehabilitated. | F7: Fleet comprising Labour (General), Backhoe 420F 4WD, Utility allowance for seed (average of native, pasture and no seed rates.
B8: Seismic 3D | C8: 4200 | D8: ha | E8: Enter the area of 3D seismic easement to be rehabilitated. | F8: Fleet comprising Labour (General), Backhoe 420F 4WD, Utility allowance for seed (average of native, pasture and no seed rates.
B9: Track 3 m wide | C9: 800 | D9: km | E9: Enter the length of shown width (or close to) track to be rehabilitated. | F9: Earthmoving fleet comprising grader to rip surface, replace local growth media and seed with seeding cost assumed to be the average of pasture, native, and no seed. No rock removal.
B10: Track 6 m wide | C10: 1500 | D10: km | E10: Enter the length of shown width (or close to) track to be rehabilitated. | F10: Earthmoving fleet comprising grader to rip surface, replace local growth media and seed with seeding cost assumed to be the average of pasture, native, and no seed. No rock removal.
B11: Drilling Mud-Sump | C11: 2900 | D11: sump | E11: Enter the number of drilling sumps to be rehabilitated. | F11: Mix, bury, cover using Excavator 20t supported by Labour (General).
B12: Exploration dam | C12: 14000 | D12: dam | E12: Enter the number of water ponds / dams to be rehabilitated. | F12: Clean water supply dam up to 5 ML volume.
B13: Land used for exploration activities | C13: 2700 | D13: ha | E13: Enter the area of land beneath third-party owned camps and equipment (e.g. water treatment facility) to be rehabilitated. | F13: Production rate of 0.5 ha/h, fleet comprising Labour (General), Grader 12M, and Utility. Reseeding of 1 of area using average rate of pasture, native and no seed.
B14: Exploration bore | C14: 900 | D14: hole | E14: Enter the number of exploration bores to be rehabilitated. | F14: Fleet comprising Labour (General), Backhoe 420F 4WD, Utility.
B16: Facilities
B17: Standalone gas compressor | C17: 12400 | D17: compressor | E17: Enter the number of stand-alone gas compressor units that must be disconnected and transported off-site. | F17: Includes allowance for purging / removal of liquids, mechanical and electrical disconnection, removal of pipe and cable tray, lifting and transport unit as a whole, allowance for incidental waste, small contaminated land investigation, fencing and minor land rehabilitation. Costs for waste management are included. No offset for scrap or equipment re-use, no charge for steel into recycling facilites and no charge for storage of reuseable items.
B18: Gas processing facility | C18: 25000 | D18: TJ/day | E18: Enter the total nameplate processing capacity of conventional gas processing facilities that must be decommissioned and the land rehabilitated. Enter quantities for associated ponds and dams and water management facilities separately. | F18: Includes allowance for purging / removal of liquids, mechanical and electrical disconnection of modules and transport for storage, removal of pipe and cable tray, demolition of concrete plinths and footings, demolition of buildings and transport of portable buildings, allowance for incidental waste, contaminated land investigation, fencing, gravel removal and land rehabilitation. Costs for waste management are included. Costs for any associated ponds and dams, wells and pipeline (pipeline not assoicated with the plant) are not included. No offset for scrap or equipment re-use, no charge for steel into recycling facilites and no charge for storage of reuseable items.
B19: Oil storage facility | C19: 1000 | D19: kL | E19: Enter the total nameplate storage capacity of conventional oil processing facilities that must be decommissioned and the land rehabilitated. | F19: Includes allowance for removal of liquids, mechanical and electrical disconnection of tanks and associated equipment and transport for storage, removal of pipe and cable tray, demolition of concrete plinths and footings, demolition of buildings and transport of portable buildings, allowance for incidental waste, contaminated land investigation, fencing, gravel removal and land rehabilitation. Costs for waste management are included. Costs for any associated ponds and dams, wells and pipeline (pipeline not assoicated with the plant) are not included. No offset for scrap or equipment re-use, no charge for steel into recycling facilites and no charge for storage of reuseable items.
B20: Water treatment plant | C20: 64000 | D20: ML/day | E20: Enter the total nameplate processing capacity of water treatment facilities that must be decommissioned and the land rehabilitated. | F20: Includes mechanical and electrical disconnection of treatment modules (e.g reverse osmosis containers), tanks and associated equipment and transport for storage / scrap, removal of pipe and cable tray, demolition of concrete plinths and footings, demolition of buildings and transport of portable buildings, allowance for incidental waste, contaminated land investigation, fencing, gravel removal and land rehabilitation. Costs for waste management are included. Costs for any associated ponds and dams, wells and pipeline (pipeline not assoicated with the plant) are not included. No offset for scrap or equipment re-use, no charge for steel into recycling facilites and no charge for storage of reuseable items.
B21: Water transfer station | C21: 20 | D21: kL | E21: Enter the total nameplate storage capacity of water transfer facilities that must be decommissioned and the land rehabilitated. | F21: Includes mechanical and electrical disconnection tanks and associated equipment and transport for storage / scrap, removal of pipe and cable tray, demolition of concrete plinths and footings, demolition of buildings and transport of portable buildings, allowance for incidental waste, contaminated land investigation, fencing, gravel removal and land rehabilitation. Costs for waste management are included. Costs for any associated ponds and dams, wells and pipeline (pipeline not assoicated with the plant) are not included. No offset for scrap or equipment re-use, no charge for steel into recycling facilites and no charge for storage of reuseable items.
B23: Infrastructure
B24: Track 3 m wide | C24: 800 | D24: km | E24: Enter the total length of shown width (or close to) track to be rehabilitated. | F24: Earthmoving fleet comprising grader to rip surface, replace local growth media and seed with seeding cost assumed to be the average of pasture, native, and no seed. No rock removal.
B25: Track 6 m wide | C25: 1500 | D25: km | E25: Enter the total length of shown width (or close to) track to be rehabilitated. | F25: Earthmoving fleet comprising grader to rip surface, replace local growth media and seed with seeding cost assumed to be the average of pasture, native, and no seed. No rock removal.
B26: Laydown | C26: 6100 | D26: ha | E26: Enter the total area of laydown to be rehabilitated. This rate can be used for tracks and roads if the proponent has area quantities rather than length. | F26: Earthmoving fleet comprising grader to rip surface and remove rock / gravel, replace local growth media and seed with seeding cost assumed to be the average of pasture, native, and no seed. Cost is the average of earthen and rock / gravel covered laydown.
B27: Borrow Pit | C27: 5200 | D27: ha | E27: Enter the area of borrow pit to be rehabilitated. | F27: Earthmoving fleet comprising grader to rip surface and remove rock / gravel, replace local growth media and seed with seeding cost assumed to be the average of pasture, native, and no seed. Cost is the average of earthen and rock / gravel covered laydown.
B28: Mobile camp | C28: 39.145025 | D28: m2 | E28: Enter the total footprint area of mobile camps owned by the proponent to be decommissioned and rehabilitated. If the camp is leased, use "Land used for exploration activities" rate. | F28: Mobile camp up to 50 persons. Disconnect accomodation, mess, laundry modules electrically and mechanically, transport to storage, no concrete or hardstand. No recreation facilities. Removal of diesel generator, replace local growth media and seed. Includes waste disposal.
B29: Permanent camp | C29: 51.525966 | D29: m2 | E29: Enter the total footprint area of permanent camps owned by the proponent to be decommissioned and rehabilitated. If the camp is leased, use "Land used for exploration activities" rate. | F29: Permanent camp up to 5000 persons. Allowance for liquid removal (e.g. washwater). Disconnect accomodation, mess, laundry modules electrically and mechanically, transport to storage. Demolish and transport concrete footings and hardstand. Allowance for removal of recreation facilities. Remove diesel generator to storage. Remove gravel surface covering, replace local growth media and seed. Includes waste disposal.
B30: Buildings - steel | C30: 90 | D30: m2 | E30: Enter the total footprint area of steel buildings that are not associated with other rates on the list. For clarity, allowances for buildings are included in processing plant and other rates and do not need to be added here. For multi-storey buildings multiply the footprint by the number of floors. | F30: Demolition of steel walled and roof building with concrete slab. Disconnect electrically and mechanically. Demolish, cut-up and transport steel for scrap (no offset and no gate fee) to storage, demolish concrete footings and slab. Land rehabilitation assumed included with other facilities such as processing plants. Includes waste disposal.
B31: Buildings - brick | C31: 120 | D31: m2 | E31: Enter the total footprint area of brick or concrete buildings that are not associated with other rates on the list. For clarity, allowances for buildings are included in processing plant and other rates and do not need to be added here. For multi-storey buildings multiply the footprint by the number of floors. | F31: Demolition of brick walled building with steel roof and concrete slab. Disconnect electrically and mechanically. Demolish, and brick for disposal, demolish concrete footings and slab. Land rehabilitation assumed included with other facilities such as processing plants. Includes waste disposal.
B32: Communications tower | C32: 22000 | D32: structure | E32: Enter the total number of communications towers to be decommissioned and the land rehabilitated. | F32: Disconnect electrically and mechanically. Pull / dismantle structure, transport steel for scrap (no offset or gate fee) and electronics to storage. Demolish concrete footings and dispose.
B33: Utilities | C33: 37000 | D33: site | E33: Enter the total number of sites where utilities must be disconnected. Typically this will one per facility. | F33: Electricians and mechanical labour to disconnect electrical, gas, water, and communications to site.
B34: Substations | C34: 60 | D34: m2 | E34: Enter the total footprint area of substations that must be decommissioned and the land rehabilitated. | F34: Disconnect transformers and associated equipment electrically and mechanically and transport to storage. Cut-up and transport cable tray. Demolish and transport concrete footings and hardstand. Allowance for liquid removal (e.g. transformer oil). Remove gravel surface covering, replace local growth media and seed. Includes waste disposal.
B35: Power generation | C35: 200 | D35: MW | E35: Enter the total nameplate power generation capacity that must be decommissioned and the land rehabilitated. | F35: Disconnect power generation units (e.g. gas turbines) and associated equipment electrically and mechanically and transport to storage. Cut-up and transport cable tray. Demolish and transport concrete footings and hardstand. Includes buildings. Remove gravel surface covering, replace local growth media and seed. Includes waste disposal.
... B44: Reinjection bore | C44: 7000 | D44: bore | E44: Enter the total number of reinjection bores that must be decommissioned and the land rehabilitated. | F44: Fleet comprising Labour (General), Backhoe 420F 4WD, Utility. Plug, backfill or grout well (average cost for these methods). Includes allowance for surface equipment and is assumed to be deeper and larger diameter than a monitoring bore.
B46: Land Rehabilitation
B47: Maintenance of rehabilitated areas | C47: 530 | D47: ha | E47: Enter the area of land for minor rehabilitation (e.g. rut repair, reseed). | F47: Inspection rate of 10 ha/h, fleet comprising Labour (General), Backhoe 420F 4WD, and Utility. Reseeding of 25% of area using average rate of pasture, native and no seed.
B48: Rehabilitation repair | C48: 2100 | D48: ha | E48: Enter the area of land requiring substantial repair (e.g. due to erosion) that is not part of the other activities in this list (e.g. land rehabilitation for a gas plant is included in that rate). | F48: Repair rate of 5 ha/h, fleet comprising Labour (General), Backhoe 420F 4WD, and Utility. Reseeding of 100% of area using average rate of pasture, native and no seed.
B49: Pest / land management on buffer lands, non-disturbed, and rehabilitated areas | C49: 450 | D49: ha | E49: Enter the area of land to for pest / weed treatment. | F49: Inspection / treatment rate of 1 ha/h, fleet comprising and Utility. No reseeding.
B50: Growth media source, supply and place | C50: 180 | D50: tonne | E50: Enter the volume of growth media that is required outside of the activities on this list. For example areas outside well pads, pipeline easements and facilities. This row can also be used to enter any additional growth media requirements on facilities or other disturbance. For clarity, a default growth media thickness shown in the Assumptions is included in the rates in this list. However, if it is known that substantially more material will be required or must be imported, this row can be used. | F50: Load, transport, and place growth media. One-way transport distance shown in Assumptions.
B51: Ameliorant source, supply and place | C51: 3200 | D51: ha | E51: Enter the area of land requiring of amelioration. Ameliorants are not included in the other rates in this list. Consequently any material requirements (e.g. if an area is known to have sodic soil and the land must be returned to pasture) must be added to this row. | F51: Load, transport, and place growth ameliorants (e.g. gypsum and lime). One-way transport distance shown in Assumptions.
B52: Revegetation | C52: 2000 | D52: ha | E52: Enter the area of land requiring revegetation outside of the activities on this list. For example areas outside well pads, pipeline easements and facilities. For clarity, costs are allowed for re-vegetation in the rates on this list. | F52: Average of pasture and native seed.
B53: Preliminary site investigation | C53: 10000 | D53: investigation | E53: Enter the number of investigations. | F53: Allowance for consultant labour and database company to provide and evaluate historical and current use and source and receptor information.
B54: Intrusive land investigation | C54: 37000 | D54: investigation | E54: Enter the number of areas to be investigated. Small areas within 500 metres of each other can be assumed to be one area. If groundwater investigations are required, either apply multiples of this rate or develop a specific rate. | F54: Instrusive shallow soil investigation by consultants using hand augers. Includes soil sample analysis, equipment and vehicles. Does not cover groundwater investigations.
B55: Soil bioremediation | C55: 80 | D55: tonne | E55: Enter the mass of any known contaminated soil that will be remediated using this technique. | F55: Allows for placing and turning equipment; fertiliser and water; sampling by consultant and analysis of samples.
B56: Hydrocarbons and metals in soil | C56: 420 | D56: tonne | E56: Enter the mass of soil contaminated with organics and inroganics to be disposed off-site. | F56: Includes removal, transport, gate fee and waste levy. Does not include sample analysis.
B57: Asbestos in soil | C57: 420 | D57: tonne | E57: Enter the mass of soil contaminated with asbestos to be disposed off-site. | F57: Includes removal, transport, gate fee and waste levy. Does not include sample analysis.
B58: Asbestos - from buildings | C58: 100 | D58: m2 | E58: Enter the area of asbestos sheet to be disposed off-site. | F58: Includes removal, transport, gate fee and waste levy. Does not include sample analysis.
B59: Asbestos - from pipe | C59: 70 | D59: m | E59: Enter the length of asbestos pipe to be disposed off-site. | F59: Includes removal, transport, gate fee and waste levy. Does not include sample analysis.
B61: Mobilisation and Demobilisation
B62: Mobilisation & Demobilisation (Distance to site <= 150 km) Small fleet | C62: 41000 | D62: fleet | E62: Enter the number of small fleets (typically 0 or 1) to be used for decommissioning / rehabilitation work that will be sourced from within the distance range (by road and one-way) shown. Typically used for for well pads, tracks and pipeline easements. | F62: Typical fleet of 1 Truck 740C, 1 Truck Water Tanker 19kL, 1 D8R Dozer, 1 Excavator 20t, 1 Grader 12M, 1 926M Loader, 1 Service truck, 2 Light vehicles.
B63: Mobilisation & Demobilisation (Distance to site > 150 to <= 500 km) Small fleet | C63: 200000 | D63: fleet | E63: Enter the number of small fleets (typically 0 or 1) to be used for decommissioning / rehabilitation work that will be sourced from within the distance range (by road and one-way) shown. Typically used for for well pads, tracks and pipeline easements. | F63: Typical fleet of 3 Truck 740C, 1 Truck Water Tanker 19kL, 1 D8R Dozer, 1 D10T Dozer, 1 Excavator 20t, 2 Excavator 40t, 1 Grader 12M, 1 Grader 14M, 2 926M Loader, 1 Service truck, 4 Light vehicles.
B64: Mobilisation & Demobilisation (Distance to site > 500 km to <= 1000 km ) Small fleet | C64: 750000 | D64: fleet | E64: Enter the number of small fleets (typically 0 or 1) to be used for decommissioning / rehabilitation work that will be sourced from within the distance range (by road and one-way) shown. Typically used for for well pads, tracks and pipeline easements. | F64: Typical fleet of 1 Truck 740C, 1 Truck Water Tanker 19kL, 1 D8R Dozer, 1 Excavator 20t, 1 Grader 12M, 1 926M Loader, 1 Service truck, 2 Light vehicles.
B65: Mobilisation & Demobilisation (Distance to site > 1000 km) Small fleet | C65: 1140000 | D65: fleet | E65: Enter the number of small fleets (typically 0 or 1) to be used for decommissioning / rehabilitation work that will be sourced from within the distance range (by road and one-way) shown. Typically used for for well pads, tracks and pipeline easements. | F65: Typical fleet of 3 Truck 740C, 1 Truck Water Tanker 19kL, 1 D8R Dozer, 1 D10T Dozer, 1 Excavator 20t, 2 Excavator 40t, 1 Grader 12M, 1 Grader 14M, 2 926M Loader, 1 Service truck, 4 Light vehicles.
B66: Mobilisation & Demobilisation (Distance to site <= 150 km) Large fleet | C66: 95000 | D66: fleet | E66: Enter the number of small fleets (typically 0 or 1) to be used for decommissioning / rehabilitation work that will be sourced from within the distance range (by road and one-way) shown. Typically used for for facilities and dams. | F66: Typical fleet of 1 Truck 740C, 1 Truck Water Tanker 19kL, 1 D8R Dozer, 1 Excavator 20t, 1 Grader 12M, 1 926M Loader, 1 Service truck, 2 Light vehicles.
B67: Mobilisation & Demobilisation (Distance to site > 150 to <= 500 km) Large fleet | C67: 470000 | D67: fleet | E67: Enter the number of small fleets (typically 0 or 1) to be used for decommissioning / rehabilitation work that will be sourced from within the distance range (by road and one-way) shown. Typically used for for facilities and dams. | F67: Typical fleet of 3 Truck 740C, 1 Truck Water Tanker 19kL, 1 D8R Dozer, 1 D10T Dozer, 1 Excavator 20t, 2 Excavator 40t, 1 Grader 12M, 1 Grader 14M, 2 926M Loader, 1 Service truck, 4 Light vehicles.
B68: Mobilisation & Demobilisation (Distance to site > 500 km to <= 1000 km ) Large fleet | C68: 1780000 | D68: fleet | E68: Enter the number of small fleets (typically 0 or 1) to be used for decommissioning / rehabilitation work that will be sourced from within the distance range (by road and one-way) shown. Typically used for for facilities and dams. | F68: Typical fleet of 1 Truck 740C, 1 Truck Water Tanker 19kL, 1 D8R Dozer, 1 Excavator 20t, 1 Grader 12M, 1 926M Loader, 1 Service truck, 2 Light vehicles.
B69: Mobilisation & Demobilisation (Distance to site > 1000 km) Large fleet | C69: 2710000 | D69: fleet | E69: Enter the number of small fleets (typically 0 or 1) to be used for decommissioning / rehabilitation work that will be sourced from within the distance range (by road and one-way) shown. Typically used for for facilities and dams. | F69: Typical fleet of 3 Truck 740C, 1 Truck Water Tanker 19kL, 1 D8R Dozer, 1 D10T Dozer, 1 Excavator 20t, 2 Excavator 40t, 1 Grader 12M, 1 Grader 14M, 2 926M Loader, 1 Service truck, 4 Light vehicles.
B71: Pipelines
B72: Buried gas decommissioning - purging (< = 0.5 m diameter) | C72: 270 | D72: km | E72: Enter the length of buried gas pipeline within the diameter range shown that requires purging. This rate is used if the pipeline will be left in place. | F72: Purging based on 0.5 m diameter, 4 exchanges. Includes initial pigging.
B73: Buried gas pipeline decommissioning - purging (> 0.5 m diameter) | C73: 610 | D73: km | E73: Enter the length of buried gas pipeline within the diameter range shown that requires purging. This rate is used if the pipeline will be left in place. | F73: Purging based on 1 m diameter, 4 exchanges. Includes initial pigging.
B74: Buried oil decommissioning - purging (<= 100 mm diameter) | C74: 4300 | D74: km | E74: Enter the length of buried oil pipeline within the diameter range shown that requires purging. This rate is used if the pipeline will be left in place. | F74: Flushing based on 0.1 m diameter, 2 exchanges. Includes initial pigging.
B75: Buried oil decommissioning - purging (> 100 mm, <=250mm diameter) | C75: 27000 | D75: km | E75: Enter the length of buried oil pipeline within the diameter range shown that requires purging. This rate is used if the pipeline will be left in place. | F75: Flushing based on 0.25 m diameter, 2 exchanges. Includes initial pigging.
B76: Buried oil pipeline decommissioning - purging (> 250 mm diameter) | C76: 67000 | D76: km | E76: Enter the length of buried oil pipeline within the diameter range shown that requires purging. This rate is used if the pipeline will be left in place. | F76: Flushing based on 0.4 m diameter, 2 exchanges. Includes initial pigging.
B77: Removal of buried pipelines | C77: 36000 | D77: km | E77: Enter the length of buried pipeline requiring removal. This rate includes purging. | F77: Remove underground pipe using Excavator 20t, Truck Semi-tipper, Mechanical Fitter. Productivity of 240 m/day. Does not include purging or flushing.
B78: Removal of above ground pipe (gas) | C78: 14000 | D78: km | E78: Enter the length of aboveground gas pipeline requiring removal. This rate includes purging of gas. | F78: Remove aboveground pipe using Excavator 20t, Truck Semi-tipper, Mechanical Fitter. Productivity of 970 m/day. Includes purging.
B79: Removal of above ground pipe (oil) | C79: 17631.909 | D79: km | E79: Enter the length of aboveground oil pipeline requiring removal. This rate includes flushing of oil. | F79: Remove aboveground pipe using Excavator 20t, Truck Semi-tipper, Mechanical Fitter. Productivity of 10 m/day. Includes flushing.
B80: Removal of above ground pipe (water) | C80: 13394.165 | D80: km | E80: Enter the length of aboveground water pipeline requiring removal. This rate includes removal of water. | F80: Remove aboveground pipe using Excavator 20t, Truck Semi-tipper, Mechanical Fitter. Productivity of 10 m/day. Includes removal of water.
B81: Inspection only | C81: 600 | D81: ha | E81: Enter the area of pipeline easement where rehabilitation work is complete and only inspection is required. | F81: Inspector with vehicle with backhoe for minor work.
B82: Final rehabilitation | C82: 8700 | D82: ha | E82: Enter the area of pipeline easement that has been rehabilitated to an operational width and only requires final rehabilitation work. | F82: Rip and trim with grader, reseed with average cost for pasture, native and no seed.
B83: Full rehabilitation | C83: 10600 | D83: ha | E83: Enter the area of pipeline easement where no rehabilitation work has been undertaken. | F83: Rip and trim with grader, reseed with average cost for pasture, native and no seed.
... B88: Hub facility | C88: 200 | D88: m2 | E88: Enter the total footprint area of pipeline hub facilities that require decommissioning and rehabilitation. | F88: Mechanical and electrical disconnection; removal of equipment, pipe and cable tray; demolition of concrete plinths and footings, transport of portable buildings, allowance for incidental waste, fencing removal, gravel removal and land rehabilitation. Contaminated land investigation. Costs for waste management are included.
B90: Wells - aboveground
B91: Coreholes | C91: 170 | D91: hole | E91: Enter the number of coreholes to be rehabilitated. | F91: Fleet comprising Labour (General), Backhoe 420F 4WD, Utility.
B92: Plugged and abandoned oil or gas well | C92: 800 | D92: hole | E92: Enter the number of plugged and abandoned wells where the land remain unrehabilitated or where minor work remains (e.g. sign removal). | F92: Fleet comprising Labour (General), Backhoe 420F 4WD, Utility. Minor land repair / seed.
B93: Conventional oil well with no or limited equipment | C93: 0.76171022 | D93: m2 | E93: Enter the well pad footprint of conventional oil wells to be decommissioned and rehabilitated where most or all of the surface equipment has been removed (e.g. a suspended well). | F93: Fleet comprising Labour (General), Mechanical Fitter, Truck with crane, land rehabilitation with seed the average of pasture, native and no seed. Waste included.
B94: Conventional oil well with equipment | C94: 2.4905949 | D94: m2 | E94: Enter the well pad footprint of conventional oil wells to be decommissioned and rehabilitated where surface equipment remains (e.g. Christmas tree, equipment associated with appraisal). | F94: Fleet comprising Labour (General), Mechanical Fitter, Truck with crane, remove any liners and sludge, land rehabilitation with seed the average of pasture, native and no seed. Waste included.
B95: Conventional gas well with no or limited equipment | C95: 1.0888722 | D95: m2 | E95: Enter the well pad footprint of conventional gas wells to be decommissioned and rehabilitated where most or all of the surface equipment has been removed (e.g. a suspended well). | F95: Fleet comprising Labour (General), Mechanical Fitter, Truck with crane, land rehabilitation with seed the average of pasture, native and no seed. Waste included.
B96: Conventional gas well with equipment | C96: 1.3872805 | D96: m2 | E96: Enter the well pad footprint of conventional gas wells to be decommissioned and rehabilitated where surface equipment remains (e.g. Christmas tree, equipment associated with appraisal). | F96: Fleet comprising Labour (General), Mechanical Fitter, Truck with crane, land rehabilitation with seed the average of pasture, native and no seed. Waste included.
B98: Wells - plug and abandon
B99: Abandonment plan | C99: 44000 | D99: campaign | E99: Enter number of campaigns (typically 0 if no wells to decommission or 1). | F99: Labour time to prepare abandonment plan for project.
B100: Abandonment Drilling Rig Mobe / Demobe >=0 to <150 km one way | C100: 29000 | D100: campaign | E100: Enter number of mobilisations from the rig source site to the campaign area. The costs includes return. Moving between wells is accounted separately. | F100: Trucks and support vehicle to safely transport drilling rig and support equipment to site and return.
B101: Abandonment Drilling Rig Mobe / Demobe >=150 to <500 km one way | C101: 66000 | D101: campaign | E101: Enter number of mobilisations from the rig source site to the campaign area. The costs includes return. Moving between wells is accounted separately. | F101: Trucks and support vehicle to safely transport drilling rig and support equipment to site and return.
B102: Abandonment Drilling Rig Mobe / Demobe >=500 to <1000 km one way | C102: 124000 | D102: campaign | E102: Enter number of mobilisations from the rig source site to the campaign area. The costs includes return. Moving between wells is accounted separately. | F102: Trucks and support vehicle to safely transport drilling rig and support equipment to site and return.
B103: Abandonment Drilling Rig Mobe / Demobe > 1000 km one way | C103: 160000 | D103: campaign | E103: Enter number of mobilisations from the rig source site to the campaign area. The costs includes return. Moving between wells is accounted separately. | F103: Trucks and support vehicle to safely transport drilling rig and support equipment to site and return.
B104: Vertical well > 0m to <= 500m depth, 1 strings / completion, 1 barriers. | C104: 173000 | D104: well | E104: Enter number of wells in this category to be abandoned. | F104: See Abandon Wells sheet for assumptions
B105: Vertical well > 500m to <= 1000m depth, 1 strings / completion, 1 barriers. | C105: 205000 | D105: well | E105: Enter number of wells in this category to be abandoned. | F105: See Abandon Wells sheet for assumptions
B106: Vertical well > 1000m to <= 2000m depth, 1 strings / completion, 1 barriers. | C106: 251000 | D106: well | E106: Enter number of wells in this category to be abandoned. | F106: See Abandon Wells sheet for assumptions
B107: Vertical well > 2000m to <= 3000m depth, 1 strings / completion, 1 barriers. | C107: 310000 | D107: well | E107: Enter number of wells in this category to be abandoned. | F107: See Abandon Wells sheet for assumptions
B108: Vertical well > 3000m to <= 4000m depth, 1 strings / completion, 1 barriers. | C108: 370000 | D108: well | E108: Enter number of wells in this category to be abandoned. | F108: See Abandon Wells sheet for assumptions
B109: Vertical well > 4000m to <= 5000m depth, 1 strings / completion, 1 barriers. | C109: 429000 | D109: well | E109: Enter number of wells in this category to be abandoned. | F109: See Abandon Wells sheet for assumptions
B110: Vertical well > 5000m to <= 6000m depth, 1 strings / completion, 1 barriers. | C110: 488000 | D110: well | E110: Enter number of wells in this category to be abandoned. | F110: See Abandon Wells sheet for assumptions
... B187: Horizontal well > 5000m to <= 6000m length, 1 strings / completion, 6 barriers. | C187: 1353000 | D187: well | E187: Enter number of wells in this category to be abandoned. | F187: See Abandon Wells sheet for assumptions

Sheet Abandon wells
B2: =Project_Name -> South Australia Oil and Gas Financial Assurance Calculator
B3: Return to Information
B5: Wells | C5: Unit | E5: =CONCATENATE("Vertical well > ",E$27,"m to <= ",E$28,"m depth, ",E$45," strings / completion, ",E$56," barriers.") -> Vertical well > 0m to <= 500m depth, 1 strings / completion, 1 barriers. | F5: =CONCATENATE("Vertical well > ",F$27,"m to <= ",F$28,"m depth, ",F$45," strings / completion, ",F56," barriers.") -> Vertical well > 500m to <= 1000m depth, 1 strings / completion, 1 barriers. | G5: =CONCATENATE("Vertical well > ",G$27,"m to <= ",G$28,"m depth, ",G$45," strings / completion, ",G56," barriers.") -> Vertical well > 1000m to <= 2000m depth, 1 strings / completion, 1 barriers. | H5: =CONCATENATE("Vertical well > ",H$27,"m to <= ",H$28,"m depth, ",H$45," strings / completion, ",H56," barriers.") -> Vertical well > 2000m to <= 3000m depth, 1 strings / completion, 1 barriers. | I5: =CONCATENATE("Vertical well > ",I$27,"m to <= ",I$28,"m depth, ",I$45," strings / completion, ",I56," barriers.") -> Vertical well > 3000m to <= 4000m depth, 1 strings / completion, 1 barriers. | J5: =CONCATENATE("Vertical well > ",J$27,"m to <= ",J$28,"m depth, ",J$45," strings / completion, ",J56," barriers.") -> Vertical well > 4000m to <= 5000m depth, 1 strings / completion, 1 barriers. | K5: =CONCATENATE("Vertical well > ",K$27,"m to <= ",K$28,"m depth, ",K$45," strings / completion, ",K56," barriers.") -> Vertical well > 5000m to <= 6000m depth, 1 strings / completion, 1 barriers. | L5: =CONCATENATE("Vertical well > ",L$27,"m to <= ",L$28,"m depth, ",L$45," strings / completion, ",L56," barriers.") -> Vertical well > 0m to <= 500m depth, 1 strings / completion, 2 barriers. | M5: =CONCATENATE("Vertical well > ",M$27,"m to <= ",M$28,"m depth, ",M$45," strings / completion, ",M56," barriers.") -> Vertical well > 500m to <= 1000m depth, 1 strings / completion, 2 barriers. | ... AT5: =CONCATENATE("Vertical well > ",AT$27,"m to <= ",AT$28,"m depth, ",AT$45," strings / completion, ",AT56," barriers.") -> Vertical well > 5000m to <= 6000m depth, 1 strings / completion, 6 barriers.
B6: Summary of Costs
B7: Stabilise well | C7: well | E7: =E42 -> 11574.131 | F7: =F42 -> 34722.393 | G7: =G42 -> 68899.574 | H7: =H42 -> 114650.89 | I7: =I42 -> 160402.2 | J7: =J42 -> 206153.51 | K7: =K42 -> 251904.82 | L7: =L42 -> 11574.131 | ... AT7: =AT42 -> 251904.82
B8: Remove downwell equipment | C8: well | E8: =E49 -> 2000 | F8: =F49 -> 6000 | G8: =G49 -> 12000 | H8: =H49 -> 20000 | I8: =I49 -> 28000 | J8: =J49 -> 36000 | K8: =K49 -> 44000 | L8: =L49 -> 2000 | ... AT8: =AT49 -> 44000
B9: Clean out bore | C9: well | E9: =E53 -> 5000 | F9: =F53 -> 10000 | G9: =G53 -> 15000 | H9: =H53 -> 20000 | I9: =I53 -> 25000 | J9: =J53 -> 30000 | K9: =K53 -> 35000 | L9: =L53 -> 5000 | ... AT9: =AT53 -> 35000
B10: Install and Inspect Plugs | C10: well | E10: =E60 -> 126530.15 | F10: =F60 -> 126530.15 | G10: =G60 -> 126530.15 | H10: =H60 -> 126530.15 | I10: =I60 -> 126530.15 | J10: =J60 -> 126530.15 | K10: =K60 -> 126530.15 | L10: =L60 -> 253060.3 | ... AT10: =AT60 -> 759180.9
B11: Equipment Move between wells | C11: well | E11: =E64 -> 25000 | F11: =F64 -> 25000 | G11: =G64 -> 25000 | H11: =H64 -> 25000 | I11: =I64 -> 25000 | J11: =J64 -> 25000 | K11: =K64 -> 25000 | L11: =L64 -> 25000 | ... AT11: =AT64 -> 25000
B12: Camp and Catering | C12: well | E12: =E69 -> 2027.1239 | F12: =F69 -> 2391.3717 | G12: =G69 -> 2892.7433 | H12: =H69 -> 3531.2389 | I12: =I69 -> 4169.7345 | J12: =J69 -> 4808.23 | K12: =K69 -> 5446.7256 | L12: =L69 -> 3377.1239 | ... AT12: =AT69 -> 12196.726
E14: =CONCATENATE("Horizontal well > ",E$27,"m to <= ",E$28,"m length, ",E$45," strings / completion, ",E$56," barriers.") -> Horizontal well > 0m to <= 500m length, 1 strings / completion, 1 barriers. | F14: =CONCATENATE("Horizontal well > ",F$27,"m to <= ",F$28,"m length, ",F$45," strings / completion, ",F$56," barriers.") -> Horizontal well > 500m to <= 1000m length, 1 strings / completion, 1 barriers. | G14: =CONCATENATE("Horizontal well > ",G$27,"m to <= ",G$28,"m length, ",G$45," strings / completion, ",G$56," barriers.") -> Horizontal well > 1000m to <= 2000m length, 1 strings / completion, 1 barriers. | H14: =CONCATENATE("Horizontal well > ",H$27,"m to <= ",H$28,"m length, ",H$45," strings / completion, ",H$56," barriers.") -> Horizontal well > 2000m to <= 3000m length, 1 strings / completion, 1 barriers. | I14: =CONCATENATE("Horizontal well > ",I$27,"m to <= ",I$28,"m length, ",I$45," strings / completion, ",I$56," barriers.") -> Horizontal well > 3000m to <= 4000m length, 1 strings / completion, 1 barriers. | J14: =CONCATENATE("Horizontal well > ",J$27,"m to <= ",J$28,"m length, ",J$45," strings / completion, ",J$56," barriers.") -> Horizontal well > 4000m to <= 5000m length, 1 strings / completion, 1 barriers. | K14: =CONCATENATE("Horizontal well > ",K$27,"m to <= ",K$28,"m length, ",K$45," strings / completion, ",K$56," barriers.") -> Horizontal well > 5000m to <= 6000m length, 1 strings / completion, 1 barriers. | L14: =CONCATENATE("Horizontal well > ",L$27,"m to <= ",L$28,"m length, ",L$45," strings / completion, ",L$56," barriers.") -> Horizontal well > 0m to <= 500m length, 1 strings / completion, 2 barriers. | ... AT14: =CONCATENATE("Horizontal well > ",AT$27,"m to <= ",AT$28,"m length, ",AT$45," strings / completion, ",AT$56," barriers.") -> Horizontal well > 5000m to <= 6000m length, 1 strings / completion, 6 barriers.
B15: Total | C15: per vertical well | E15: =SUM(E7:E12) -> 172131.4 | F15: =SUM(F7:F12) -> 204643.91 | G15: =SUM(G7:G12) -> 250322.47 | H15: =SUM(H7:H12) -> 309712.28 | I15: =SUM(I7:I12) -> 369102.08 | J15: =SUM(J7:J12) -> 428491.89 | K15: =SUM(K7:K12) -> 487881.7 | L15: =SUM(L7:L12) -> 300011.55 | ... AT15: =SUM(AT7:AT12) -> 1127282.4
B16: Total (rounded) | C16: per vertical well | E16: =CEILING(E15,1000) -> 173000 | F16: =CEILING(F15,1000) -> 205000 | G16: =CEILING(G15,1000) -> 251000 | H16: =CEILING(H15,1000) -> 310000 | I16: =CEILING(I15,1000) -> 370000 | J16: =CEILING(J15,1000) -> 429000 | K16: =CEILING(K15,1000) -> 488000 | L16: =CEILING(L15,1000) -> 301000 | ... AT16: =CEILING(AT15,1000) -> 1128000
C17: per metre (vertical) | E17: =E16/E29 -> 692 | F17: =F16/F29 -> 273.33333 | G17: =G16/G29 -> 167.33333 | H17: =H16/H29 -> 124 | I17: =I16/I29 -> 105.71429 | J17: =J16/J29 -> 95.333333 | K17: =K16/K29 -> 88.727273 | L17: =L16/L29 -> 1204 | ... AT17: =AT16/AT29 -> 205.09091
E19: =CONCATENATE("Vertical well, depth ",E$27," to ",E$28,"m, ",E$45," strings / completion") -> Vertical well, depth 0 to 500m, 1 strings / completion | F19: =CONCATENATE("Vertical well, depth ",F$27," to ",F$28,"m, ",F$45," strings / completion") -> Vertical well, depth 500 to 1000m, 1 strings / completion | G19: =CONCATENATE("Vertical well, depth ",G$27," to ",G$28,"m, ",G$45," strings / completion") -> Vertical well, depth 1000 to 2000m, 1 strings / completion | H19: =CONCATENATE("Vertical well, depth ",H$27," to ",H$28,"m, ",H$45," strings / completion") -> Vertical well, depth 2000 to 3000m, 1 strings / completion | I19: =CONCATENATE("Vertical well, depth ",I$27," to ",I$28,"m, ",I$45," strings / completion") -> Vertical well, depth 3000 to 4000m, 1 strings / completion | J19: =CONCATENATE("Vertical well, depth ",J$27," to ",J$28,"m, ",J$45," strings / completion") -> Vertical well, depth 4000 to 5000m, 1 strings / completion | K19: =CONCATENATE("Vertical well, depth ",K$27," to ",K$28,"m, ",K$45," strings / completion") -> Vertical well, depth 5000 to 6000m, 1 strings / completion | L19: =CONCATENATE("Vertical well, depth ",L$27," to ",L$28,"m, ",L$45," strings / completion") -> Vertical well, depth 0 to 500m, 1 strings / completion | ... AT19: =CONCATENATE("Vertical well, depth ",AT$27," to ",AT$28,"m, ",AT$45," strings / completion") -> Vertical well, depth 5000 to 6000m, 1 strings / completion
B20: Multiplier for Horizontal well | C20: X | D20: 1.2 | E20: =D20 -> 1.2 | F20: =E20 -> 1.2 | G20: =F20 -> 1.2 | H20: =G20 -> 1.2 | I20: =H20 -> 1.2 | J20: =I20 -> 1.2 | K20: =J20 -> 1.2 | L20: =K20 -> 1.2 | ... AT20: =AS20 -> 1.2
B21: Total | C21: per horizontal well | E21: =E15*E20 -> 206557.69 | F21: =F15*F20 -> 245572.7 | G21: =G15*G20 -> 300386.96 | H21: =H15*H20 -> 371654.73 | I21: =I15*I20 -> 442922.5 | J21: =J15*J20 -> 514190.27 | K21: =K15*K20 -> 585458.04 | L21: =L15*L20 -> 360013.87 | ... AT21: =AT15*AT20 -> 1352738.9
B22: Total (rounded) | C22: per horizontal well | E22: =CEILING(E21,1000) -> 207000 | F22: =CEILING(F21,1000) -> 246000 | G22: =CEILING(G21,1000) -> 301000 | H22: =CEILING(H21,1000) -> 372000 | I22: =CEILING(I21,1000) -> 443000 | J22: =CEILING(J21,1000) -> 515000 | K22: =CEILING(K21,1000) -> 586000 | L22: =CEILING(L21,1000) -> 361000 | ... AT22: =CEILING(AT21,1000) -> 1353000
C23: per metre (horizontal) | E23: =E22/E29 -> 828 | F23: =F22/F29 -> 328 | G23: =G22/G29 -> 200.66667 | H23: =H22/H29 -> 148.8 | I23: =I22/I29 -> 126.57143 | J23: =J22/J29 -> 114.44444 | K23: =K22/K29 -> 106.54545 | L23: =L22/L29 -> 1444 | ... AT23: =AT22/AT29 -> 246
B25: Well diameter and depth
B26: Well diameter | C26: mm | E26: =Assumptions!$C$111 -> 200 | F26: =Assumptions!$C$111 -> 200 | G26: =Assumptions!$C$111 -> 200 | H26: =Assumptions!$C$111 -> 200 | I26: =Assumptions!$C$111 -> 200 | J26: =Assumptions!$C$111 -> 200 | K26: =Assumptions!$C$111 -> 200 | L26: =Assumptions!$C$111 -> 200 | ... AT26: =Assumptions!$C$111 -> 200
B27: Well depth / length minimum | C27: m | E27: 0 | F27: =E28 -> 500 | G27: =F28 -> 1000 | H27: =G28 -> 2000 | I27: =H28 -> 3000 | J27: =I28 -> 4000 | K27: =J28 -> 5000 | L27: =E27 -> 0 | M27: =F27 -> 500 | N27: =G27 -> 1000 | O27: =H27 -> 2000 | P27: =I27 -> 3000 | Q27: =J27 -> 4000 | R27: =K27 -> 5000 | S27: =L27 -> 0 | ... AT27: =AM27 -> 5000
B28: Well depth / length maximum | C28: m | E28: =E27+500 -> 500 | F28: =F27+500 -> 1000 | G28: =F28+1000 -> 2000 | H28: =G28+1000 -> 3000 | I28: =H28+1000 -> 4000 | J28: =I28+1000 -> 5000 | K28: =J28+1000 -> 6000 | L28: =E28 -> 500 | M28: =F28 -> 1000 | N28: =G28 -> 2000 | O28: =H28 -> 3000 | P28: =I28 -> 4000 | Q28: =J28 -> 5000 | R28: =K28 -> 6000 | S28: =L28 -> 500 | ... AT28: =AM28 -> 6000
B29: Well depth / length average | C29: m | E29: =AVERAGE(E27:E28) -> 250 | F29: =AVERAGE(F27:F28) -> 750 | G29: =AVERAGE(G27:G28) -> 1500 | H29: =AVERAGE(H27:H28) -> 2500 | I29: =AVERAGE(I27:I28) -> 3500 | J29: =AVERAGE(J27:J28) -> 4500 | K29: =AVERAGE(K27:K28) -> 5500 | L29: =AVERAGE(L27:L28) -> 250 | ... AT29: =AVERAGE(AT27:AT28) -> 5500
B31: Stabilise well
B32: Casing volume | C32: m3 | E32: =E29*PI()*(E26/Millimetres_in_metres/2)^2 -> 7.8539816 | F32: =F29*PI()*(F26/Millimetres_in_metres/2)^2 -> 23.561945 | G32: =G29*PI()*(G26/Millimetres_in_metres/2)^2 -> 47.12389 | H32: =H29*PI()*(H26/Millimetres_in_metres/2)^2 -> 78.539816 | I32: =I29*PI()*(I26/Millimetres_in_metres/2)^2 -> 109.95574 | J32: =J29*PI()*(J26/Millimetres_in_metres/2)^2 -> 141.37167 | K32: =K29*PI()*(K26/Millimetres_in_metres/2)^2 -> 172.7876 | L32: =L29*PI()*(L26/Millimetres_in_metres/2)^2 -> 7.8539816 | ... AT32: =AT29*PI()*(AT26/Millimetres_in_metres/2)^2 -> 172.7876
B33: Circulations | C33: # | E33: 4 | F33: =E33 -> 4 | G33: =F33 -> 4 | H33: =G33 -> 4 | I33: =H33 -> 4 | J33: =I33 -> 4 | K33: =J33 -> 4 | L33: =K33 -> 4 | M33: =L33 -> 4 | ... AT33: =AS33 -> 4
B34: Kill fluid volume | C34: kL | E34: =E33*E32 -> 31.415927 | F34: =F33*F32 -> 94.24778 | G34: =G33*G32 -> 188.49556 | H34: =H33*H32 -> 314.15927 | I34: =I33*I32 -> 439.82297 | J34: =J33*J32 -> 565.48668 | K34: =K33*K32 -> 691.15038 | L34: =L33*L32 -> 31.415927 | ... AT34: =AT33*AT32 -> 691.15038
B35: Fluid transport truck | C35: # of loads | E35: =ROUNDUP(E34/(Tanker_capacity),0) -> 2 | F35: =ROUNDUP(F34/(Tanker_capacity),0) -> 6 | G35: =ROUNDUP(G34/(Tanker_capacity),0) -> 11 | H35: =ROUNDUP(H34/(Tanker_capacity),0) -> 18 | I35: =ROUNDUP(I34/(Tanker_capacity),0) -> 25 | J35: =ROUNDUP(J34/(Tanker_capacity),0) -> 32 | K35: =ROUNDUP(K34/(Tanker_capacity),0) -> 39 | L35: =ROUNDUP(L34/(Tanker_capacity),0) -> 2 | ... AT35: =ROUNDUP(AT34/(Tanker_capacity),0) -> 39
B36: Pumping time | C36: hours | E36: =E34/(Kill_fluid_pumping_rate*Minutes_in_hour) -> 1.0471976 | F36: =F34/(Kill_fluid_pumping_rate*Minutes_in_hour) -> 3.1415927 | G36: =G34/(Kill_fluid_pumping_rate*Minutes_in_hour) -> 6.2831853 | H36: =H34/(Kill_fluid_pumping_rate*Minutes_in_hour) -> 10.471976 | I36: =I34/(Kill_fluid_pumping_rate*Minutes_in_hour) -> 14.660766 | J36: =J34/(Kill_fluid_pumping_rate*Minutes_in_hour) -> 18.849556 | K36: =K34/(Kill_fluid_pumping_rate*Minutes_in_hour) -> 23.038346 | L36: =L34/(Kill_fluid_pumping_rate*Minutes_in_hour) -> 1.0471976 | ... AT36: =AT34/(Kill_fluid_pumping_rate*Minutes_in_hour) -> 23.038346
B37: Kill fluid equipment time required | C37: hours | E37: =E36/Hours_per_day -> 0.10471976 | F37: =F36/Hours_per_day -> 0.31415927 | G37: =G36/Hours_per_day -> 0.62831853 | H37: =H36/Hours_per_day -> 1.0471976 | I37: =I36/Hours_per_day -> 1.4660766 | J37: =J36/Hours_per_day -> 1.8849556 | K37: =K36/Hours_per_day -> 2.3038346 | L37: =L36/Hours_per_day -> 0.10471976 | ... AT37: =AT36/Hours_per_day -> 2.3038346
B38: Kill fluid purchase cost | C38: kL | D38: 300 | E38: =$D38*E34 -> 9424.778 | F38: =$D38*F34 -> 28274.334 | G38: =$D38*G34 -> 56548.668 | H38: =$D38*H34 -> 94247.78 | I38: =$D38*I34 -> 131946.89 | J38: =$D38*J34 -> 169646 | K38: =$D38*K34 -> 207345.12 | L38: =$D38*L34 -> 9424.778 | ... AT38: =$D38*AT34 -> 207345.12
B39: Kill fluid pumping equipment cost | C39: day | D39: 5346.0878 | E39: =$D39*E37 -> 559.84101 | F39: =$D39*F37 -> 1679.523 | G39: =$D39*G37 -> 3359.046 | H39: =$D39*H37 -> 5598.4101 | I39: =$D39*I37 -> 7837.7741 | J39: =$D39*J37 -> 10077.138 | K39: =$D39*K37 -> 12316.502 | L39: =$D39*L37 -> 559.84101 | ... AT39: =$D39*AT37 -> 12316.502
B40: Kill fluid management cost | C40: day | D40: 4765.9378 | E40: =$D40*E37 -> 499.08784 | F40: =$D40*F37 -> 1497.2635 | G40: =$D40*G37 -> 2994.527 | H40: =$D40*H37 -> 4990.8784 | I40: =$D40*I37 -> 6987.2298 | J40: =$D40*J37 -> 8983.5811 | K40: =$D40*K37 -> 10979.932 | L40: =$D40*L37 -> 499.08784 | ... AT40: =$D40*AT37 -> 10979.932
B41: Kill fluid transport allowance | C41: per trip | D41: 545.21213 | E41: =$D41*E35 -> 1090.4243 | F41: =$D41*F35 -> 3271.2728 | G41: =$D41*G35 -> 5997.3335 | H41: =$D41*H35 -> 9813.8184 | I41: =$D41*I35 -> 13630.303 | J41: =$D41*J35 -> 17446.788 | K41: =$D41*K35 -> 21263.273 | L41: =$D41*L35 -> 1090.4243 | ... AT41: =$D41*AT35 -> 21263.273
B42: Total | C42: well | E42: =SUM(E38:E41) -> 11574.131 | F42: =SUM(F38:F41) -> 34722.393 | G42: =SUM(G38:G41) -> 68899.574 | H42: =SUM(H38:H41) -> 114650.89 | I42: =SUM(I38:I41) -> 160402.2 | J42: =SUM(J38:J41) -> 206153.51 | K42: =SUM(K38:K41) -> 251904.82 | L42: =SUM(L38:L41) -> 11574.131 | ... AT42: =SUM(AT38:AT41) -> 251904.82
B44: Remove downwell equipment
B45: Number of casing strings / completions | C45: # | E45: 1 | F45: =E45 -> 1 | G45: =F45 -> 1 | H45: =G45 -> 1 | I45: =H45 -> 1 | J45: =I45 -> 1 | K45: =J45 -> 1 | L45: =K45 -> 1 | M45: =L45 -> 1 | ... AT45: =AS45 -> 1
B46: Time to remove tubing and packers | C46: h | E46: =E45*(E29/1000*Productivity!$D$9) -> 2 | F46: =F45*(F29/1000*Productivity!$D$9) -> 6 | G46: =G45*(G29/1000*Productivity!$D$9) -> 12 | H46: =H45*(H29/1000*Productivity!$D$9) -> 20 | I46: =I45*(I29/1000*Productivity!$D$9) -> 28 | J46: =J45*(J29/1000*Productivity!$D$9) -> 36 | K46: =K45*(K29/1000*Productivity!$D$9) -> 44 | L46: =L45*(L29/1000*Productivity!$D$9) -> 2 | ... AT46: =AT45*(AT29/1000*Productivity!$D$9) -> 44
B47: Time to remove tubing and packers | C47: day | E47: =E46/Hours_per_day -> 0.2 | F47: =F46/Hours_per_day -> 0.6 | G47: =G46/Hours_per_day -> 1.2 | H47: =H46/Hours_per_day -> 2 | I47: =I46/Hours_per_day -> 2.8 | J47: =J46/Hours_per_day -> 3.6 | K47: =K46/Hours_per_day -> 4.4 | L47: =L46/Hours_per_day -> 0.2 | ... AT47: =AT46/Hours_per_day -> 4.4
B48: Wireline rig and crew hire | C48: day | D48: 10000 | E48: =$D48*E47 -> 2000 | F48: =$D48*F47 -> 6000 | G48: =$D48*G47 -> 12000 | H48: =$D48*H47 -> 20000 | I48: =$D48*I47 -> 28000 | J48: =$D48*J47 -> 36000 | K48: =$D48*K47 -> 44000 | L48: =$D48*L47 -> 2000 | ... AT48: =$D48*AT47 -> 44000
B49: Total | C49: well | E49: =E48 -> 2000 | F49: =F48 -> 6000 | G49: =G48 -> 12000 | H49: =H48 -> 20000 | I49: =I48 -> 28000 | J49: =J48 -> 36000 | K49: =K48 -> 44000 | L49: =L48 -> 2000 | ... AT49: =AT48 -> 44000
B51: Clean out bore
B52: Abandonment rig and crew hire | C52: day | D52: 25000 | E52: 0.2 | F52: =E52+0.2 -> 0.4 | G52: =F52+0.2 -> 0.6 | H52: =G52+0.2 -> 0.8 | I52: =H52+0.2 -> 1 | J52: =I52+0.2 -> 1.2 | K52: =J52+0.2 -> 1.4 | L52: =E52 -> 0.2 | M52: =F52 -> 0.4 | N52: =G52 -> 0.6 | O52: =H52 -> 0.8 | P52: =I52 -> 1 | Q52: =J52 -> 1.2 | R52: =K52 -> 1.4 | S52: =L52 -> 0.2 | ... AT52: =AM52 -> 1.4
B53: Totals | C53: $ | E53: =SUMPRODUCT(E52:E52,$D52:$D52) -> 5000 | F53: =SUMPRODUCT(F52:F52,$D52:$D52) -> 10000 | G53: =SUMPRODUCT(G52:G52,$D52:$D52) -> 15000 | H53: =SUMPRODUCT(H52:H52,$D52:$D52) -> 20000 | I53: =SUMPRODUCT(I52:I52,$D52:$D52) -> 25000 | J53: =SUMPRODUCT(J52:J52,$D52:$D52) -> 30000 | K53: =SUMPRODUCT(K52:K52,$D52:$D52) -> 35000 | L53: =SUMPRODUCT(L52:L52,$D52:$D52) -> 5000 | ... AT53: =SUMPRODUCT(AT52:AT52,$D52:$D52) -> 35000
B55: Install and Inspect Plugs
B56: Number of plugs | C56: # | E56: 1 | F56: =E56 -> 1 | G56: =F56 -> 1 | H56: =G56 -> 1 | I56: =H56 -> 1 | J56: =I56 -> 1 | K56: =J56 -> 1 | L56: 2 | M56: =L56 -> 2 | N56: =M56 -> 2 | O56: =N56 -> 2 | P56: =O56 -> 2 | Q56: =P56 -> 2 | R56: =Q56 -> 2 | S56: 3 | T56: =S56 -> 3 | U56: =T56 -> 3 | V56: =U56 -> 3 | W56: =V56 -> 3 | X56: =W56 -> 3 | Y56: =X56 -> 3 | Z56: 4 | AA56: =Z56 -> 4 | AB56: =AA56 -> 4 | AC56: =AB56 -> 4 | AD56: =AC56 -> 4 | AE56: =AD56 -> 4 | AF56: =AE56 -> 4 | AG56: 5 | AH56: =AG56 -> 5 | AI56: =AH56 -> 5 | AJ56: =AI56 -> 5 | AK56: =AJ56 -> 5 | AL56: =AK56 -> 5 | AM56: =AL56 -> 5 | AN56: 6 | AO56: =AN56 -> 6 | AP56: =AO56 -> 6 | AQ56: =AP56 -> 6 | AR56: =AQ56 -> 6 | AS56: =AR56 -> 6 | AT56: =AS56 -> 6
B57: Time to install and verify | C57: days | D57: 3 | E57: =E56*$D57 -> 3 | F57: =F56*$D57 -> 3 | G57: =G56*$D57 -> 3 | H57: =H56*$D57 -> 3 | I57: =I56*$D57 -> 3 | J57: =J56*$D57 -> 3 | K57: =K56*$D57 -> 3 | L57: =L56*$D57 -> 6 | ... AT57: =AT56*$D57 -> 18
B58: Install plugs cost | C58: well | D58: 116530.15 | E58: =$D58*E56 -> 116530.15 | F58: =$D58*F56 -> 116530.15 | G58: =$D58*G56 -> 116530.15 | H58: =$D58*H56 -> 116530.15 | I58: =$D58*I56 -> 116530.15 | J58: =$D58*J56 -> 116530.15 | K58: =$D58*K56 -> 116530.15 | L58: =$D58*L56 -> 233060.3 | ... AT58: =$D58*AT56 -> 699180.9
B59: Verification | C59: well | D59: 10000 | E59: =$D59*E56 -> 10000 | F59: =$D59*F56 -> 10000 | G59: =$D59*G56 -> 10000 | H59: =$D59*H56 -> 10000 | I59: =$D59*I56 -> 10000 | J59: =$D59*J56 -> 10000 | K59: =$D59*K56 -> 10000 | L59: =$D59*L56 -> 20000 | ... AT59: =$D59*AT56 -> 60000
B60: Total | C60: well | E60: =E58+E59 -> 126530.15 | F60: =F58+F59 -> 126530.15 | G60: =G58+G59 -> 126530.15 | H60: =H58+H59 -> 126530.15 | I60: =I58+I59 -> 126530.15 | J60: =J58+J59 -> 126530.15 | K60: =K58+K59 -> 126530.15 | L60: =L58+L59 -> 253060.3 | ... AT60: =AT58+AT59 -> 759180.9
B62: Equipment Move between wells
B63: Abandonment rig and crew hire | C63: days/well | D63: 25000 | E63: 1 | F63: =E63 -> 1 | G63: =F63 -> 1 | H63: =G63 -> 1 | I63: =H63 -> 1 | J63: =I63 -> 1 | K63: =J63 -> 1 | L63: =K63 -> 1 | M63: =L63 -> 1 | ... P63: =O63 -> 1 | Q63: 1 | R63: =Q63 -> 1 | S63: =R63 -> 1 | T63: =S63 -> 1 | U63: =T63 -> 1 | V63: =U63 -> 1 | W63: =V63 -> 1 | X63: =W63 -> 1 | Y63: =X63 -> 1 | ... AB63: =AA63 -> 1 | AC63: 1 | AD63: =AC63 -> 1 | AE63: =AD63 -> 1 | AF63: =AE63 -> 1 | AG63: =AF63 -> 1 | AH63: =AG63 -> 1 | AI63: =AH63 -> 1 | AJ63: =AI63 -> 1 | AK63: =AJ63 -> 1 | ... AT63: =AS63 -> 1
B64: Total | C64: well | E64: =SUMPRODUCT(E63:E63,$D63:$D63) -> 25000 | F64: =SUMPRODUCT(F63:F63,$D63:$D63) -> 25000 | G64: =SUMPRODUCT(G63:G63,$D63:$D63) -> 25000 | H64: =SUMPRODUCT(H63:H63,$D63:$D63) -> 25000 | I64: =SUMPRODUCT(I63:I63,$D63:$D63) -> 25000 | J64: =SUMPRODUCT(J63:J63,$D63:$D63) -> 25000 | K64: =SUMPRODUCT(K63:K63,$D63:$D63) -> 25000 | L64: =SUMPRODUCT(L63:L63,$D63:$D63) -> 25000 | ... AT64: =SUMPRODUCT(AT63:AT63,$D63:$D63) -> 25000
B66: Camp and Catering
B67: Time required on-site | C67: days | E67: =E37+E47+E52+E57+E63 -> 4.5047198 | F67: =F37+F47+F52+F57+F63 -> 5.3141593 | G67: =G37+G47+G52+G57+G63 -> 6.4283185 | H67: =H37+H47+H52+H57+H63 -> 7.8471976 | I67: =I37+I47+I52+I57+I63 -> 9.2660766 | J67: =J37+J47+J52+J57+J63 -> 10.684956 | K67: =K37+K47+K52+K57+K63 -> 12.103835 | L67: =L37+L47+L52+L57+L63 -> 7.5047198 | ... AT67: =AT37+AT47+AT52+AT57+AT63 -> 27.103835
B68: Abandonment camp hire | C68: well | D68: 450 | E68: =$D68*E67 -> 2027.1239 | F68: =$D68*F67 -> 2391.3717 | G68: =$D68*G67 -> 2892.7433 | H68: =$D68*H67 -> 3531.2389 | I68: =$D68*I67 -> 4169.7345 | J68: =$D68*J67 -> 4808.23 | K68: =$D68*K67 -> 5446.7256 | L68: =$D68*L67 -> 3377.1239 | ... AT68: =$D68*AT67 -> 12196.726
B69: Total | C69: well | E69: =E68 -> 2027.1239 | F69: =F68 -> 2391.3717 | G69: =G68 -> 2892.7433 | H69: =H68 -> 3531.2389 | I69: =I68 -> 4169.7345 | J69: =J68 -> 4808.23 | K69: =K68 -> 5446.7256 | L69: =L68 -> 3377.1239 | ... AT69: =AT68 -> 12196.726

Sheet Rates
C2: =Project_Name -> South Australia Oil and Gas Financial Assurance Calculator
C3: Return to Information
C4: Rates
C6: Item | D6: Rate Used | E6: Unit | F6: Notes | G6: Reference
B8: Consultant and trades | C8: Junior Engineer/Geologist/Scientist | D8: 155 | E8: hour | F8: Rolled-up rate including superannuation | G8: EHS Support indicative rate for projects of this nature
C9: Associate Engineer/Geologist/Scientist | D9: 180 | E9: hour | F9: Rolled-up rate including superannuation | G9: EHS Support indicative rate for projects of this nature
C10: Principal Engineer/Geologist/Scientist | D10: 250 | E10: hour | F10: Rolled-up rate including superannuation | G10: EHS Support indicative rate for projects of this nature
C11: Senior Principal Engineer/Geologist/Scientist | D11: 300 | E11: hour | F11: Rolled-up rate including superannuation | G11: EHS Support indicative rate for projects of this nature
C12: Project Manager | D12: 240 | E12: hour | F12: Rolled-up rate including superannuation | G12: EHS Support indicative rate for projects of this nature
C13: Senior Project Manager | D13: 280 | E13: hour | F13: Rolled-up rate including superannuation | G13: EHS Support indicative rate for projects of this nature
C14: Auditor/Director | D14: 420 | E14: hour | F14: Rolled-up rate including superannuation | G14: EHS Support indicative rate for projects of this nature
C15: Draftsman/Technician | D15: 160 | E15: hour | F15: Rolled-up rate including superannuation | G15: EHS Support indicative rate for projects of this nature
C16: Accounting/Administration/Clerical/Office Services | D16: 149.95 | E16: hour | F16: Rolled-up rate including superannuation | G16: EHS Support indicative rate for projects of this nature
C17: Rigger | D17: 146.2 | E17: hour | F17: Rolled-up rate including superannuation and office overheads | G17: Contractor
C18: Electrician | D18: 168.69 | E18: hour | F18: Rolled-up rate including superannuation and office overheads | G18: Contractor
C19: Foreperson | D19: 180 | E19: hour | F19: Rolled-up rate including superannuation and office overheads | G19: Contractor
C20: Labour (General) | D20: 84.344868 | E20: hour | F20: Rolled-up rate including superannuation and office overheads | G20: Contractor
... C23: Construction labour | D23: 103.09 | E23: hour | F23: Rolled-up rate including superannuation and office overheads | G23: Contractor
C24: Drilling engineer | D24: 116.03 | E24: hour | F24: Allowance
B25: Cranes and Platforms | C25: Crane 20t | D25: 260 | E25: hour | F25: includes fuel and operator, excludes rigger | G25: Crane supplier
C26: Crane 50t | D26: 432 | E26: hour | F26: includes fuel and operator, excludes rigger | G26: Crane supplier
C27: Crane 120t | D27: 732 | E27: hour | F27: includes fuel and operator, excludes rigger | G27: Crane supplier
C28: Elevated Work Platform 12m | D28: 8.5714286 | E28: hour | F28: 40ft electric scissor lift | G28: Crane supplier
B29: Dozers and Graders | C29: D6R Dozer | D29: 201.57 | E29: hour | F29: includes fuel and operator | G29: Earthmoving contractor
C30: D7R Dozer | D30: 222.69 | E30: hour | F30: includes fuel and operator | G30: Earthmoving contractor
C31: D8R Dozer | D31: 370 | E31: hour | F31: includes fuel and operator | G31: Earthmoving contractor
C32: D9R Dozer | D32: 405 | E32: hour | F32: includes fuel and operator | G32: Earthmoving contractor
C33: D10T Dozer | D33: 422.35 | E33: hour | F33: includes fuel and operator | G33: Earthmoving contractor
C34: D11T Dozer | D34: 546.32 | E34: hour | F34: includes fuel and operator | G34: Earthmoving contractor
C35: Grader 12M | D35: 252 | E35: hour | F35: includes fuel and operator | G35: Earthmoving contractor
C36: Grader 14M | D36: 264 | E36: hour | F36: includes fuel and operator | G36: Earthmoving contractor
C37: Grader 16M | D37: 305.42 | E37: hour | F37: includes fuel and operator | G37: Earthmoving contractor
B38: Excavators and Attachments | C38: Excavator 20t | D38: 270 | E38: hour | F38: includes fuel and operator | G38: Earthmoving contractor
C39: Excavator 40t | D39: 300 | E39: hour | F39: includes fuel and operator | G39: Earthmoving contractor
C40: Excavator 74t | D40: 456 | E40: hour | F40: includes fuel and operator | G40: Earthmoving contractor
C41: Excavator 90t | D41: 600 | E41: hour | F41: includes fuel and operator | G41: Earthmoving contractor
C42: Excavator 20t hammer | D42: 60 | E42: hour | F42: includes fuel and operator | G42: Earthmoving contractor
C43: Excavator 40t hammer | D43: 72 | E43: hour | F43: includes fuel and operator | G43: Earthmoving contractor
C44: Excavator 74t hammer | D44: 84 | E44: hour | F44: includes fuel and operator | G44: Earthmoving contractor
C45: Excavator 20t shears | D45: 60 | E45: hour | F45: includes fuel and operator | G45: Earthmoving contractor
C46: Excavator 40t shears | D46: 72 | E46: hour | F46: includes fuel and operator | G46: Earthmoving contractor
C47: Excavator 74t shears | D47: 114 | E47: hour | F47: includes fuel and operator | G47: Earthmoving contractor
C48: Excavator 20t grapple | D48: 60 | E48: hour | F48: includes fuel and operator | G48: Earthmoving contractor
C49: Excavator 40t grapple | D49: 72 | E49: hour | F49: includes fuel and operator | G49: Earthmoving contractor
C50: Excavator 74t grapple | D50: 84 | E50: hour | F50: includes fuel and operator | G50: Earthmoving contractor
B51: Land Rehabilitation | C51: Top soil | D51: 165 | E51: tonne | F51: excludes delivery | G51: Agricultural supplier
C52: Gypsum | D52: 115.5 | E52: tonne | F52: excludes delivery | G52: Agricultural supplier
C53: Lime | D53: 123 | E53: tonne | F53: excludes delivery | G53: Agricultural supplier
C54: Fertiliser pasture | D54: 900 | E54: tonne | F54: excludes delivery | G54: Agricultural supplier
C55: Fertiliser native | D55: 600 | E55: tonne | F55: excludes delivery | G55: Agricultural supplier
C56: Fertiliser trees | D56: 1000 | E56: tonne | F56: excludes delivery | G56: Agricultural supplier
C57: Native seed | D57: 350 | E57: kilogram | F57: excludes delivery | G57: Agricultural supplier
C58: Pasture seed | D58: 150 | E58: kilogram | F58: excludes delivery | G58: Agricultural supplier
C59: Tube stock | D59: 4 | E59: item | F59: excludes delivery | G59: Agricultural supplier
C60: Trees - mature | D60: 40 | E60: item | F60: excludes delivery | G60: Agricultural supplier
C61: Water | D61: 1 | E61: kilolitre | F61: Allowance
B62: Loaders, Backhoes, Compactor, Concrete Crusher | C62: Panhandler | D62: 309 | E62: hour | F62: includes fuel and operator | G62: Earthmoving contractor
C63: Loader 980M | D63: 327 | E63: hour | F63: includes fuel and operator | G63: Earthmoving contractor
C64: 926M Loader | D64: 160.5 | E64: hour | F64: includes fuel and operator | G64: Earthmoving contractor
C65: 950M Loader | D65: 200.53 | E65: hour | F65: includes fuel and operator | G65: Earthmoving contractor
C66: Backhoe 420F 4WD | D66: 255 | E66: hour | F66: includes fuel and operator | G66: Earthmoving contractor
C67: Backhoe 428F 4WD | D67: 270 | E67: hour | F67: includes fuel and operator | G67: Earthmoving contractor
C68: Backhoe attachments | D68: 90 | E68: hour | G68: Earthmoving contractor
C69: Concrete crushing plant | D69: 208.33 | E69: hour | F69: includes fuel and crew
B70: Trucks | C70: Truck Flatbed | D70: 90 | E70: hour | F70: includes fuel and driver, light rigid/site truck (4.5m tray)
C71: Truck Semi-tipper | D71: 175 | E71: hour | F71: includes fuel and driver
C72: Truck with crane | D72: 135 | E72: hour | F72: includes fuel and driver, 4t rigid crane truck
C73: Truck 740C | D73: 339 | E73: hour | F73: includes fuel and driver
C74: Truck Vacuum Tanker | D74: 187 | E74: hour | F74: includes fuel and driver
C75: Truck Water Tanker 19kL | D75: 259.04045 | E75: hour | F75: includes fuel and driver
C76: Fuel tanker | D76: 166 | E76: hour | F76: includes fuel and driver
C77: Pump Truck/Tanker | D77: 230 | E77: hour | F77: includes fuel and driver
C78: Truck module transport | D78: 350 | E78: hour | F78: includes fuel and driver
B79: Vehicles and Equipment | C79: Utility | D79: 261.02 | E79: hour | F79: Mine spec vehicle | G79: Vehicle hire
C80: Air Compressor + tools | D80: 9.5 | E80: hour | F80: Allowance
C81: Gas Axe | D81: 10.86 | E81: day | F81: Allowance
C82: Concrete cutter - portable | D82: 92.73 | E82: day | F82: Allowance | G82: EHS rate - to update
C83: Seeding boreholes | D83: 20 | E83: hole | F83: Allowance | G83: EHS rate - to update
C84: Concrete Pump | D84: 229.91 | E84: hole | F84: Allowance | G84: EHS rate - to update
C85: Concrete cost | D85: 450 | E85: m3 | F85: Allowance | G85: EHS rate - to update
C86: Pigging equipment | D86: 200 | E86: hour | F86: Allowance | G86: EHS rate - to update
B87: Waste Disposal Gate Fees and Levies | C87: Disposal (gate fee) construction debris | D87: 70 | E87: tonne | F87: Southern Recycling Centre | G87: Gate Fees 2025 - 2026.pdf
C88: Disposal (gate fee) steel | D88: 0 | E88: tonne | F88: Scrap metal accepted for free
C89: Disposal (gate fee) asbestos in soil | D89: 275 | E89: tonne | G89: Waste contractor
C90: Disposal (gate fee) low level solid waste | D90: 275 | E90: tonne | G90: Waste contractor
C91: Disposal (gate fee) high level solid waste | D91: 500 | E91: tonne | G91: Waste contractor
C92: Disposal (gate fee) oily water | D92: 230 | E92: kL | F92: Waste Disposal J120, Oil/Water Mix > 10 to < 25% Solids | G92: Waste contractor
C93: Disposal (gate fee) oil | D93: 200 | E93: kL | G93: Waste contractor
C94: Disposal (gate fee) sludge | D94: 85 | E94: tonne | G94: Waste contractor
C95: Waste levy (metropolitan solid waste) | D95: 171 | E95: tonne | F95: EPA South Australia FY2026-27 | G95: https://www.epa.sa.gov.au/business_and_industry/waste-levy
C96: Waste levy (non-metropolitan solid waste) | D96: 85.5 | E96: tonne | F96: EPA South Australia FY2026-27 | G96: https://www.epa.sa.gov.au/business_and_industry/waste-levy
C97: Waste levy (liquid waste) | D97: 46.5 | E97: kL | F97: EPA South Australia FY2026-27 (same for metro/non-metro) | G97: https://www.epa.sa.gov.au/business_and_industry/waste-levy
B98: Well Abandonment | C98: Kill fluid | D98: 300 | E98: kL
C99: Kill fluid pumping equipment | D99: 250 | E99: day
C100: Kill fluid management equipment | D100: 250 | E100: day
C101: Rig mobilisation preparation | D101: 20000 | E101: mobe | F101: Allowance
C102: Rig mobilisation | D102: 60 | E102: km
C103: Abandonment camp hire | D103: 450 | E103: day | F103: Includes catering
C104: Abandonment rig and crew hire | D104: 25000 | E104: day
C105: Wireline rig and crew hire | D105: 10000 | E105: day
...

Sheet Assumptions
B2: =Project_Name -> South Australia Oil and Gas Financial Assurance Calculator
B4: Assumptions
B5: Return to Information
B6: Description | C6: Value | D6: Unit | E6: Source | F6: Comment
B8: Camps
B9: Rock surface thickness for temporary camp | C9: 150 | D9: mm
B10: Bitumen surface thickness for temporary camp | C10: 100 | D10: mm
B11: Concrete surface thickness for temporary camp | C11: 0 | D11: mm
B12: Rock surface thickness for permanent camp | C12: 150 | D12: mm
B13: Bitumen surface thickness for temporary camp | C13: 100 | D13: mm
B14: Concrete surface thickness for temporary camp | C14: 100 | D14: mm
B16: Conversion
B17: Minutes in hour | C17: 60 | D17: min/h
B18: Kilograms in tonnes | C18: 1000 | D18: kg/t
B19: Metres in kilometres | C19: 1000 | D19: m/km
B20: Square metres in hectare | C20: 10000 | D20: sq.m/ha
B21: Litres in kilolitres | C21: 1000 | D21: L/kL
B22: Millimetres in metres | C22: 1000 | D22: mm/m
B23: Metres per min in kilometres per hour | C23: 17
B24: Speed - kph to m/min | C24: 16.666667 | D24: -
B25: Incidental Waste multiplier | C25: 0.25 | D25: -
B27: Dams and Ponds
B28: Liner | C28: 0.0021 | D28: t/m2
B29: Sediment - Contaminated dam | C29: 0.5 | D29: m
B30: Sediment - Clean dam | C30: 0.3 | D30: =D29 -> m
B31: Multiplier on base area for liner | C31: 1.2 | D31: X
B32: Growth media thickness dams | C32: 150 | D32: mm
B34: Electrical cable, pipeline, piping and fittings
B35: Pipe specific mass (300 mm diameter, STD) | C35: 73.86 | D35: kg/m
B36: Pipe specific mass (450 mm diameter, STD) | C36: 105.17 | D36: kg/m
B37: Pipe specific mass (600 mm diameter, STD) | C37: 141.12 | D37: kg/m
B38: Pipe / electrical tray specific mass | C38: 22 | D38: kg/m
B39: Valve and fittings multiplier for mass | C39: 0.5
B40: Electrical wiring specific mass (AWG 4/0, 200 amp) | C40: 0.96 | D40: t/km
B42: Land Rehabilitation
B43: =Top_soil -> Top soil | C43: 150 | D43: mm
B44: Gypsum Normal Soil | C44: 2.5 | D44: t/ha
B45: Gypsum Sodic Soil | C45: 10 | D45: t/ha
B46: Lime | C46: 2 | D46: t/ha
B47: Biosolids, MSW, Manure | C47: 50 | D47: t/ha
B48: Hay Mulch / Sugar Cane | C48: 5 | D48: t/ha
B49: Fertiliser pasture | C49: 0.25 | D49: t/ha
B50: Fertiliser native | C50: 0.1 | D50: t/ha
B51: Native seed | C51: 7 | D51: kg/ha
B52: Pasture seed | C52: 7 | D52: kg/ha
B53: Tube stock | C53: 150 | D53: plants/ha
B54: Trees - mature | C54: 75 | D54: trees/ha
B56: One-way Travel Distances (assumptions for default rates)
B57: Gypsum and growth media | C57: 90 to 100 km | D57: km
B58: Concrete disposal | C58: 90 to 100 km | D58: km | F58: Includes concrete, rubble, liners. Used in the calculation of default rates for building slabs etc.
B59: Liquid waste disposal | C59: 90 to 100 km | D59: km
B60: Scrapyard and storage | C60: 90 to 100 km | D60: km | F60: For steel and other metal disposal, storage of reuseable items
B61: Soil disposal | C61: 90 to 100 km | D61: km
B62: Solid salt disposal | C62: 90 to 100 km | D62: km
B63: Re-use site for gravel | C63: 15 to 20 km | D63: km
B65: Miscellaneous Assumptions
B66: Average working day | C66: 10 | D66: hours
B67: Electricity | C67: 0.34 | D67: per kWh | E67: https://www.solarchoice.net.au/energy/electricity-cost-per-kwh-in-australia/ | F67: Average cost SA state
B69: Project Costs
B70: Project management | C70: 0.1 | E70: Standard industry practice and used in several government calculators.
B71: Ongoing monitoring | C71: 0.05 | E71: Standard industry practice and used in several government calculators.
B72: Contingency | C72: 0.1 | E72: Standard industry practice and used in several government calculators.
B74: Soil and Material Properties
B75: Concrete density | C75: 2.4 | D75: t/m3
B76: Concrete slab default for heavy equipment | C76: 200 | D76: mm
B77: Concrete surface cover - Building | C77: 150 | D77: mm
B78: Concrete surface cover - Parking | C78: 250 | D78: mm
B79: Concrete footing - Module | C79: 200 | D79: mm
B80: Asphalt surface cover thickness | C80: 150 | D80: mm
B81: Gravel surface cover thickness | C81: 150 | D81: mm
B82: Concrete truck packing factor | C82: 2
B83: Steel density | C83: 8 | D83: t/m3 | E83: https://www.engineeringtoolbox.com/metal-alloys-densities-d_50.html
B84: Steel roof specific mass | C84: 5.4 | D84: kg/m2
B85: Specific mass of structural steel - columns | C85: 20 | D85: kg/m
B86: Specific mass of structural steel - cross beams | C86: 30 | D86: kg/m
B87: Asphalt density | C87: 2 | D87: t/m3
B88: Sludge density | C88: 1.6 | D88: t/m3
B89: Rock cover density | C89: 1.8 | D89: t/m3
B90: Soil density | C90: 1.5 | D90: t/m3
B92: Wells
B93: Conventional oil,Plugged and abandoned,Single well | C93: 0.0004 | D93: ha
B94: Conventional oil,Suspended,Single well | C94: 1 | D94: ha
B95: Conventional oil,Shut-in,Single well | C95: 1 | D95: ha
B96: Conventional oil,Appraisal / development,Single well | C96: 1 | D96: ha
B97: Conventional oil,Operation / Production,Single well, Beam Pump | C97: 1 | D97: ha
B98: Conventional oil,Operation / Production,Single well, No Beam Pump | C98: 1 | D98: ha
B99: Conventional oil,Operation / Production,Single well, Beam Pump only | C99: 1 | D99: ha
B100: Conventional oil,Operation / Production,Single well | C100: 1 | D100: ha
B101: Conventional gas,Plugged and abandoned,Single well | C101: 0.0004 | D101: ha
B102: Conventional gas,Suspended,Single well | C102: 0.25 | D102: ha
B103: Conventional gas,Shut-in,Single well | C103: 0.25 | D103: ha
B104: Conventional gas,Appraisal / development,Single well | C104: 1 | D104: ha
... B108: Conventional oil,Corehole,Single well | C108: 0.01 | D108: ha
B110: Well Abandonment
B111: Well diameter | C111: 200 | D111: mm
B112: Barrier plug volume | C112: 10 | D112: m3

Sheet Productivity
B2: =Project_Name -> South Australia Oil and Gas Financial Assurance Calculator
B4: Productivity
B5: Return to Information
B7: Abandonment Rig Productivity
B8: Item | C8: Unit | D8: Value
B9: Time to remove tubing and packers | C9: h/1000 m | D9: 8 | E9: assumed
B10: Time to install one barrier | C10: days | D10: 3
B11: Kill fluid pumping rate | C11: m3/min | D11: 0.5
B13: Bioremediation
B14: Tilling | C14: 100 | D14: m3/h
B16: Concrete Crushing
B17: Concrete crushing rate to 75 mm | C17: 100 | D17: t/h
B18: Concrete crushing rate to 50 mm | C18: 66.666667 | D18: t/h
B19: Concrete crushing rate to 30 mm | C19: 50 | D19: t/h
B21: Dozer Grade (LCM/h) vs. Grading Distance
B22: Number of dozers | C22: 1 | D22: 1 | E22: 1 | F22: 1 | G22: 1 | H22: 1 | I22: 1 | J22: 2 | K22: 2 | L22: 3 | M22: 3 | N22: 3 | O22: 4
B23: Dozing distance (m) | C23: 20 | D23: 50 | E23: 75 | F23: 100 | G23: 125 | H23: 150 | I23: 200 | J23: 250 | K23: 300 | L23: 350 | M23: 400 | N23: 450 | O23: 500
B24: Dozer D6R | C24: 430 | D24: 195.75052 | E24: 150.30844 | F24: 104.86635 | G24: Too small | H24: Too small | I24: Too small | J24: Too small | K24: Too small | L24: Too small | M24: Too small | N24: Too small | O24: Too small
B25: Dozer D7R | C25: 582.59083 | D25: 349.5545 | E25: 262.16588 | F25: 174.77725 | G25: Too small | H25: Too small | I25: Too small | J25: Too small | K25: Too small | L25: Too small | M25: Too small | N25: Too small | O25: Too small
B26: =Dozer_D8R -> D8R Dozer | C26: 815.62717 | D26: 442.76903 | E26: 317.512 | F26: 192.25498 | G26: 130.50035 | H26: 97.098472 | I26: 69.9109 | J26: Too small | K26: Too small | L26: Too small | M26: Too small | N26: Too small | O26: Too small
B27: Dozer D9R | C27: 1165.1817 | D27: 652.50173 | E27: 483.55039 | F27: 314.59905 | G27: 223.71488 | H27: 194.19694 | I27: 139.8218 | J27: 298.8691 | K27: 201.34339 | L27: 190.15765 | M27: 178.9719 | N27: 167.78616 | O27: Too small
B28: Dozer D10T | C28: 1631.2543 | D28: 885.53807 | E28: 661.2406 | F28: 436.94313 | G28: 372.85813 | H28: 318.48299 | I28: 244.68815 | J28: 415.09597 | K28: 393.24881 | L28: 371.40166 | M28: 349.5545 | N28: 327.70734 | O28: 354.21523
B29: Dozer D11T | C29: 2796.436 | D29: 1398.218 | E29: 1048.6635 | F29: 699.109 | G29: 559.2872 | H29: 466.07267 | I29: 349.5545 | J29: 664.15355 | K29: 629.1981 | L29: 594.24265 | M29: 559.2872 | N29: 524.33175 | O29: 531.32284
B31: Dozer Grade (LCM/h) vs. Grading Distance Range | C31: {=TRANSPOSE(Dozer_lengths_L)} -> <= 20m push | D31: > 20m to <= 50m push | E31: > 50m to <= 75m push | F31: > 75m to <= 100m push | G31: > 100m to <= 125m push | H31: > 125m to <= 150m push | I31: > 150m to <= 200m push | J31: > 200m to <= 250m push | K31: > 250m to <= 300m push | L31: > 300m to <= 350m push | M31: > 350m to <= 400m push | N31: > 400m to <= 450m push | O31: > 450m to <= 500m push | P31: > 500m push
B32: Dozer D6R | C32: =IF(C24="Too small","Too small",C24) -> 430 | D32: =IF(C24="Too small","Too small",AVERAGE(C24:D24)) -> 312.87526 | E32: =IF(D24="Too small","Too small",AVERAGE(D24:E24)) -> 173.02948 | F32: =IF(E24="Too small","Too small",AVERAGE(E24:F24)) -> 127.58739 | G32: =IF(F24="Too small","Too small",AVERAGE(F24:G24)) -> 104.86635 | H32: =IF(G24="Too small","Too small",AVERAGE(G24:H24)) -> Too small | I32: =IF(H24="Too small","Too small",AVERAGE(H24:I24)) -> Too small | J32: =IF(I24="Too small","Too small",AVERAGE(I24:J24)) -> Too small | K32: =IF(J24="Too small","Too small",AVERAGE(J24:K24)) -> Too small | ... O32: =IF(N24="Too small","Too small",AVERAGE(N24:O24)) -> Too small | P32: =IF(O24="Too small","Too small",O24) -> Too small
B33: Dozer D7R | C33: =IF(C25="Too small","Too small",C25) -> 582.59083 | D33: =IF(C25="Too small","Too small",AVERAGE(C25:D25)) -> 466.07267 | E33: =IF(D25="Too small","Too small",AVERAGE(D25:E25)) -> 305.86019 | F33: =IF(E25="Too small","Too small",AVERAGE(E25:F25)) -> 218.47156 | G33: =IF(F25="Too small","Too small",AVERAGE(F25:G25)) -> 174.77725 | H33: =IF(G25="Too small","Too small",AVERAGE(G25:H25)) -> Too small | I33: =IF(H25="Too small","Too small",AVERAGE(H25:I25)) -> Too small | J33: =IF(I25="Too small","Too small",AVERAGE(I25:J25)) -> Too small | K33: =IF(J25="Too small","Too small",AVERAGE(J25:K25)) -> Too small | ... O33: =IF(N25="Too small","Too small",AVERAGE(N25:O25)) -> Too small | P33: =IF(O25="Too small","Too small",O25) -> Too small
B34: Dozer D8R | C34: =IF(C26="Too small","Too small",C26) -> 815.62717 | D34: =IF(C26="Too small","Too small",AVERAGE(C26:D26)) -> 629.1981 | E34: =IF(D26="Too small","Too small",AVERAGE(D26:E26)) -> 380.14052 | F34: =IF(E26="Too small","Too small",AVERAGE(E26:F26)) -> 254.88349 | G34: =IF(F26="Too small","Too small",AVERAGE(F26:G26)) -> 161.37766 | H34: =IF(G26="Too small","Too small",AVERAGE(G26:H26)) -> 113.79941 | I34: =IF(H26="Too small","Too small",AVERAGE(H26:I26)) -> 83.504686 | J34: =IF(I26="Too small","Too small",AVERAGE(I26:J26)) -> 69.9109 | K34: =IF(J26="Too small","Too small",AVERAGE(J26:K26)) -> Too small | ... O34: =IF(N26="Too small","Too small",AVERAGE(N26:O26)) -> Too small | P34: =IF(O26="Too small","Too small",O26) -> Too small
B35: Dozer D9R | C35: =IF(C27="Too small","Too small",C27) -> 1165.1817 | D35: =IF(C27="Too small","Too small",AVERAGE(C27:D27)) -> 908.8417 | E35: =IF(D27="Too small","Too small",AVERAGE(D27:E27)) -> 568.02606 | F35: =IF(E27="Too small","Too small",AVERAGE(E27:F27)) -> 399.07472 | G35: =IF(F27="Too small","Too small",AVERAGE(F27:G27)) -> 269.15697 | H35: =IF(G27="Too small","Too small",AVERAGE(G27:H27)) -> 208.95591 | I35: =IF(H27="Too small","Too small",AVERAGE(H27:I27)) -> 167.00937 | J35: =IF(I27="Too small","Too small",AVERAGE(I27:J27)) -> 219.34545 | K35: =IF(J27="Too small","Too small",AVERAGE(J27:K27)) -> 250.10624 | ... O35: =IF(N27="Too small","Too small",AVERAGE(N27:O27)) -> 167.78616 | P35: =IF(O27="Too small","Too small",O27) -> Too small
B36: Dozer D10T | C36: =IF(C28="Too small","Too small",C28) -> 1631.2543 | D36: =IF(C28="Too small","Too small",AVERAGE(C28:D28)) -> 1258.3962 | E36: =IF(D28="Too small","Too small",AVERAGE(D28:E28)) -> 773.38933 | F36: =IF(E28="Too small","Too small",AVERAGE(E28:F28)) -> 549.09186 | G36: =IF(F28="Too small","Too small",AVERAGE(F28:G28)) -> 404.90063 | H36: =IF(G28="Too small","Too small",AVERAGE(G28:H28)) -> 345.67056 | I36: =IF(H28="Too small","Too small",AVERAGE(H28:I28)) -> 281.58557 | J36: =IF(I28="Too small","Too small",AVERAGE(I28:J28)) -> 329.89206 | K36: =IF(J28="Too small","Too small",AVERAGE(J28:K28)) -> 404.17239 | ... O36: =IF(N28="Too small","Too small",AVERAGE(N28:O28)) -> 340.96129 | P36: =IF(O28="Too small","Too small",O28) -> 354.21523
B37: Dozer D11T | C37: =IF(C29="Too small","Too small",C29) -> 2796.436 | D37: =IF(C29="Too small","Too small",AVERAGE(C29:D29)) -> 2097.327 | E37: =IF(D29="Too small","Too small",AVERAGE(D29:E29)) -> 1223.4408 | F37: =IF(E29="Too small","Too small",AVERAGE(E29:F29)) -> 873.88625 | G37: =IF(F29="Too small","Too small",AVERAGE(F29:G29)) -> 629.1981 | H37: =IF(G29="Too small","Too small",AVERAGE(G29:H29)) -> 512.67993 | I37: =IF(H29="Too small","Too small",AVERAGE(H29:I29)) -> 407.81358 | J37: =IF(I29="Too small","Too small",AVERAGE(I29:J29)) -> 506.85403 | K37: =IF(J29="Too small","Too small",AVERAGE(J29:K29)) -> 646.67583 | ... O37: =IF(N29="Too small","Too small",AVERAGE(N29:O29)) -> 527.8273 | P37: =IF(O29="Too small","Too small",O29) -> 531.32284
B39: Excavators, Loaders, Wrecking Ball
B40: Excavator cut pipe | C40: 500 | D40: m/h
B41: Excavator cut electrical cable tray | C41: 500 | D41: m/h
B42: Excavator cut cladding | C42: 144 | D42: m2/h
B43: Excavator cut steel plate | C43: 60 | D43: m2/h
B44: Excavator cut cable | C44: 500 | D44: m/h
B45: Excavator concrete break and remove | C45: 50 | D45: m3/h | E45: Cat page 8-12, H160 reinforced concrete 229 to 650 m3 per 8 hour shift
B46: Excavator cut liner | C46: 5000 | D46: m2/h
B47: Excavator liner rolling | C47: 150 | D47: m2/h
B48: Excavator remove asphalt | C48: 500 | D48: m3/h
B49: Excavator demolish bund | C49: 500 | D49: m3/h
B50: Excavator load steel | C50: 48 | D50: t/h
B51: Excavator load soil | C51: 350 | D51: m3/h
B52: Loader load soil | C52: 500 | D52: m3/h
B53: Demolition rate with wrecking ball | C53: 25 | D53: m2/h | E53: Based on 10 hours per 250 m2 structure
B55: Grader Trim Productivity
B56: Item | C56: =Grader_12M -> Grader 12M | D56: =Grader_14M -> Grader 14M | E56: Grader 16M
B57: Speed (2nd Gear) | C57: 5 | D57: 5 | E57: 5 | F57: km/h
B58: Effective blade width (30 degrees) | C58: 3.17 | D58: 3.17 | E58: 3.5 | F58: m
B59: Overlap width | C59: 0.6 | D59: 0.6 | E59: 0.7 | F59: m
B60: Efficiency | C60: 0.85 | D60: 0.85 | E60: 0.85 | F60: %
B61: Productivity | C61: =C57*Metres_in_kilometres*(C58-C59)*C60 -> 10922.5 | D61: =D57*Metres_in_kilometres*(D58-D59)*D60 -> 10922.5 | E61: 11900 | F61: m2/h
B62: Productivity | C62: =C61/Square_metres_in_hectare -> 1.09225 | D62: =D61/Square_metres_in_hectare -> 1.09225 | E62: =E61/Square_metres_in_hectare -> 1.19 | F62: ha/h
B63: Productivity | C63: =1/C62 -> 0.91554131 | D63: =1/D62 -> 0.91554131 | E63: =1/E62 -> 0.84033613 | F63: h/ha
B65: Grader Rip Productivity
B66: Item | C66: =Grader_12M -> Grader 12M | D66: =Grader_14M -> Grader 14M | E66: Grader 16M
B67: Speed (1st Gear) | C67: 4.1 | D67: 4.1 | E67: 4.1 | F67: km/h
B68: Blade width | C68: 2.31 | D68: 2.595 | E68: 2.98 | F68: m
B69: Run Length | C69: 100 | D69: 100 | E69: 100 | F69: m
B70: Run width (in hectare) | C70: =Square_metres_in_hectare/C69 -> 100 | D70: =Square_metres_in_hectare/D69 -> 100 | E70: =Square_metres_in_hectare/E69 -> 100 | F70: m
B71: Rip depth (multi shank) | C71: 0.267 | D71: 0.404 | E71: 0.452 | F71: m
B72: Rip volume | C72: =C69*C68*C71 -> 61.677 | D72: =D69*D68*D71 -> 104.838 | E72: =E69*E68*E71 -> 134.696 | F72: m3
B73: Number of runs required | C73: =C70/C68 -> 43.290043 | D73: =D70/D68 -> 38.535645 | E73: =E70/E68 -> 33.557047 | F73: #/ha
B74: Productivity | C74: =C73*C69/(C67*Metres_in_kilometres) -> 1.0558547 | D74: =D73*D69/(D67*Metres_in_kilometres) -> 0.93989379 | E74: =E73*E69/(E67*Metres_in_kilometres) -> 0.81846456 | F74: h/ha
B75: Productivity | C75: =1/C74 -> 0.9471 | D75: =1/D74 -> 1.06395 | E75: =1/E74 -> 1.2218 | F75: ha/h
B77: Trucks and Tankers
B78: Truck haul speed loaded | C78: 80 | D78: km/h
B79: Truck haul speed unloaded | C79: 90 | D79: km/h
B80: Truck travel speed on-site - loaded | C80: 40 | D80: km/h
B81: Truck travel speed on-site - unloaded | C81: 50 | D81: km/h
B82: Semi-tipper maximum volume | C82: 50 | D82: m3 | E82: https://www.freighter.com.au/trailers/lusty-ems-chassis-tipper/
B83: Semi-tipper maximum mass | C83: 24 | D83: t
B84: Semi-tipper maximum volume - concrete | C84: =Semi_tipper_max_mass/Concrete_density -> 10 | D84: m3
B85: Tanker capacity | C85: 18 | D85: kL
B86: Truck capacity (water load) | C86: 20 | D86: kL
B87: Tanker liquids pump flowrate - oil | C87: 9 | D87: kL/h
B88: Tanker liquids pump flowrate - water | C88: 10 | D88: kL/h

Sheet Lists
B1: This sheet is a functional sheet only, Users do not need to use it.
B2: =Project_Name -> South Australia Oil and Gas Financial Assurance Calculator
B4: Lists
B6: Camps
B7: Temporary camp
B8: Permanent camp
B10: Dam Contamination
B11: Contaminated
B12: Clean
B14: Dam Liner
B15: Lined
B16: Unlined
B18: Dozer Push Length
B19: =CONCATENATE("<= ",C19,"m push") -> <= 20m push | C19: 20
B20: =CONCATENATE("> ",C19,"m to <= ",C20,"m push") -> > 20m to <= 50m push | C20: 50
B21: =CONCATENATE("> ",C20,"m to <= ",C21,"m push") -> > 50m to <= 75m push | C21: 75
B22: =CONCATENATE("> ",C21,"m to <= ",C22,"m push") -> > 75m to <= 100m push | C22: 100
B23: =CONCATENATE("> ",C22,"m to <= ",C23,"m push") -> > 100m to <= 125m push | C23: 125
B24: =CONCATENATE("> ",C23,"m to <= ",C24,"m push") -> > 125m to <= 150m push | C24: 150
B25: =CONCATENATE("> ",C24,"m to <= ",C25,"m push") -> > 150m to <= 200m push | C25: =C24+50 -> 200
B26: =CONCATENATE("> ",C25,"m to <= ",C26,"m push") -> > 200m to <= 250m push | C26: =C25+50 -> 250
B27: =CONCATENATE("> ",C26,"m to <= ",C27,"m push") -> > 250m to <= 300m push | C27: =C26+50 -> 300
B28: =CONCATENATE("> ",C27,"m to <= ",C28,"m push") -> > 300m to <= 350m push | C28: =C27+50 -> 350
B29: =CONCATENATE("> ",C28,"m to <= ",C29,"m push") -> > 350m to <= 400m push | C29: =C28+50 -> 400
B30: =CONCATENATE("> ",C29,"m to <= ",C30,"m push") -> > 400m to <= 450m push | C30: =C29+50 -> 450
B31: =CONCATENATE("> ",C30,"m to <= ",C31,"m push") -> > 450m to <= 500m push | C31: =C30+50 -> 500
B32: =CONCATENATE("> ",C31,"m push") -> > 500m push | C32: =C31+50 -> 550
B34: General Land Rehabilitation
B35: Maintenance of rehabilitated areas
B36: Existing rehabilitation repair - minor
B37: Existing rehabilitation repair - moderate
B38: Existing rehabilitation repair - major
B39: Rehabilitation of miscellaneous footprints
B40: Land management of undisturbed areas
B41: Pest management on buffer lands, non-disturbed, and rehabilitated areas
B42: General doze deep ripping - D6R
B43: General doze deep ripping - D7R
B44: General doze deep ripping - D8R
B45: General doze deep ripping - D9R
... B78: > 6000 m
B80: Long Haul Distance Ranges | C80: Average
B81: < 5 km | C81: 2.5
B82: 5 to 10 km | C82: 7.5
B83: 10 to 15 km | C83: 12.5
B84: 15 to 20 km | C84: 17.5
B85: 20 to 25 km | C85: 22.5
B86: 25 to 30 km | C86: 27.5
B87: 30 to 35 km | C87: 32.5
B88: 35 to 40 km | C88: 37.5
B89: 40 to 45 km | C89: 42.5
B90: 45 to 50 km | C90: 47.5
B91: 50 to 60 km | C91: 55
B92: 60 to 70 km | C92: 65
... B99: > 250 km | C99: 250
B101: Materials
B102: None
B103: Brick
B104: Steel
B105: Concrete
B107: Pipeline Rehab Status
B108: Inspect only
B109: Partially rehabiliated
B110: Full rehabilitation required
B112: Pipeline Location
B113: Remove
B114: Aboveground
... B191: Tanks List
B192: =CONCATENATE(Tank_vertical_L,", ",B187,", ",B175,", ",B161,", ",B171,", ",Single_skin_tank) -> Vertical tank, Steel wall, Open top, Earth base, Lined, Single skin
B193: =CONCATENATE(Tank_vertical_L,", ",B187,", ",B176,", ",B163,", ",B172,", ",Single_skin_tank) -> Vertical tank, Steel wall, Closed top, Steel base, Not lined, Single skin
B194: =CONCATENATE(Tank_concrete_ring_L,", ",B187,", ",B175,", ",B161,", ",B171,", ",Single_skin_tank) -> Concrete ring tank, Steel wall, Open top, Earth base, Lined, Single skin
B195: =CONCATENATE(Tank_horizontal_L,", ",B187,", ",B176,", ",B162,", ",B172,", ",Single_skin_tank) -> Horizontal tank, Steel wall, Closed top, Skid base, Not lined, Single skin
B196: =CONCATENATE(Tank_panel_L,", ",B188,", ",B175,", ",B161,", ",B171,", ",Single_skin_tank) -> Panel tank, Concrete wall, Open top, Earth base, Lined, Single skin
B197: =CONCATENATE(Tank_rainwater_L,", ",B189,", ",B176,", ",B165,", ",B172,", ",Single_skin_tank) -> Rainwater tank, Plastic wall, Closed top, Plastic base, Not lined, Single skin
B198: =CONCATENATE(Tank_hopper_L,", ",B187,", ",B176,", ",B163,", ",B172,", ",Single_skin_tank) -> Hopper tank, Steel wall, Closed top, Steel base, Not lined, Single skin
B200: Tracks Surface Replace
B201: No replace
B202: Replace rock
B203: Remove contam only
